Workbook

Sheet Valores_Dados
B1: Fator Insalubridade | C1: 0.013 | D1: Com alimentação Própria | I1: Sem alimentação | P1: Sede | R1: 0.085 | S1: Faturamento | T1: 0.1695
D2: Tabela de Preço | I2: Tabela de Preço | N2: Margem | S2: L.Líquido
B3: Função | C3: Tabela | D3: Limite | E3: Mínimo | F3: Padrão | G3: P+1 | H3: Máximo | I3: Limite | J3: Mínimo | K3: Padrão | L3: P+1 | M3: Máximo | N3: Limite | O3: Mínimo | P3: Padrão | Q3: P+1 | R3: Máximo | S3: Limite | T3: Mínimo | U3: Padrão | V3: P+1 | W3: Máximo
B4: Montador de Andaimes | C4: MOBILIZADO | D4: 76.5 | E4: 78.39 | F4: 79.71 | G4: 81.77 | H4: 87.82 | I4: 69.56 | J4: 71.28 | K4: 72.48 | L4: 74.35 | M4: 79.85 | N4: 0.11 | O4: 0.125 | P4: 0.135 | Q4: 0.15 | R4: 0.19 | S4: 0.09 | T4: 0.1 | U4: 0.1 | V4: 0.11 | W4: 0.14
B5: Ajudante | C5: MOBILIZADO | D5: 60.77 | E5: 62.28 | F5: 63.32 | G5: 64.96 | H5: 69.76 | I5: 53.83 | J5: 55.16 | K5: 56.09 | L5: 57.54 | M5: 61.8 | N5: 0.11 | O5: 0.125 | P5: 0.135 | Q5: 0.15 | R5: 0.19 | S5: 0.09 | T5: 0.1 | U5: 0.1 | V5: 0.11 | W5: 0.14
B6: Líder de Equipe | C6: MOBILIZADO | D6: 84.64 | E6: 86.74 | F6: 88.2 | G6: 90.48 | H6: 97.17 | I6: 77.7 | J6: 79.63 | K6: 80.96 | L6: 83.06 | M6: 89.2 | N6: 0.11 | O6: 0.125 | P6: 0.135 | Q6: 0.15 | R6: 0.19 | S6: 0.09 | T6: 0.1 | U6: 0.1 | V6: 0.11 | W6: 0.14
B7: Encarregado | C7: MOBILIZADO | D7: 111.36 | E7: 114.12 | F7: 116.04 | G7: 119.04 | H7: 127.85 | I7: 104.42 | J7: 107.01 | K7: 108.81 | L7: 111.62 | M7: 119.88 | N7: 0.11 | O7: 0.125 | P7: 0.135 | Q7: 0.15 | R7: 0.19 | S7: 0.09 | T7: 0.1 | U7: 0.1 | V7: 0.11 | W7: 0.14
B8: TST | C8: MOBILIZADO | D8: 94.75 | E8: 97.1 | F8: 98.73 | G8: 101.28 | H8: 108.77 | I8: 87.81 | J8: 89.98 | K8: 91.5 | L8: 93.86 | M8: 100.81 | N8: 0.11 | O8: 0.125 | P8: 0.135 | Q8: 0.15 | R8: 0.19 | S8: 0.09 | T8: 0.1 | U8: 0.1 | V8: 0.11 | W8: 0.14
B10: Função | C10: Tabela | D10: Limite | E10: Mínimo | F10: Padrão | G10: P+1 | H10: Máximo | I10: Limite | J10: Mínimo | K10: Padrão | L10: P+1 | M10: Máximo | N10: Limite | O10: Mínimo | P10: Padrão | Q10: P+1 | R10: Máximo | S10: Limite | T10: Mínimo | U10: Padrão | V10: P+1 | W10: Máximo
B11: Montador de Andaimes | C11: NÃO MOBILIZADO | D11: 76.92 | E11: 78.83 | F11: 80.15 | G11: 82.23 | H11: 88.31 | I11: 69.98 | J11: 71.72 | K11: 72.92 | L11: 74.81 | M11: 80.34 | N11: 0.11 | O11: 0.125 | P11: 0.135 | Q11: 0.15 | R11: 0.19 | S11: 0.09 | T11: 0.1 | U11: 0.1 | V11: 0.11 | W11: 0.14
B12: Ajudante | C12: NÃO MOBILIZADO | D12: 61.2 | E12: 62.71 | F12: 63.77 | G12: 65.41 | H12: 70.25 | I12: 54.26 | J12: 55.6 | K12: 56.53 | L12: 57.99 | M12: 62.29 | N12: 0.11 | O12: 0.125 | P12: 0.135 | Q12: 0.15 | R12: 0.19 | S12: 0.09 | T12: 0.1 | U12: 0.1 | V12: 0.11 | W12: 0.14
B13: Líder de Equipe | C13: NÃO MOBILIZADO | D13: 85.07 | E13: 87.18 | F13: 88.64 | G13: 90.93 | H13: 97.66 | I13: 78.13 | J13: 80.06 | K13: 81.41 | L13: 83.51 | M13: 89.69 | N13: 0.11 | O13: 0.125 | P13: 0.135 | Q13: 0.15 | R13: 0.19 | S13: 0.09 | T13: 0.1 | U13: 0.1 | V13: 0.11 | W13: 0.14
B14: Encarregado | C14: NÃO MOBILIZADO | D14: 111.79 | E14: 114.56 | F14: 116.48 | G14: 119.49 | H14: 128.33 | I14: 104.85 | J14: 107.45 | K14: 109.25 | L14: 112.07 | M14: 120.37 | N14: 0.11 | O14: 0.125 | P14: 0.135 | Q14: 0.15 | R14: 0.19 | S14: 0.09 | T14: 0.1 | U14: 0.1 | V14: 0.11 | W14: 0.14
B15: TST | C15: NÃO MOBILIZADO | D15: 95.18 | E15: 97.53 | F15: 99.17 | G15: 101.73 | H15: 109.26 | I15: 88.24 | J15: 90.42 | K15: 91.94 | L15: 94.32 | M15: 101.3 | N15: 0.11 | O15: 0.125 | P15: 0.135 | Q15: 0.15 | R15: 0.19 | S15: 0.09 | T15: 0.1 | U15: 0.1 | V15: 0.11 | W15: 0.14

Sheet Tabela Dados
N1: Mínimo | Q1: Padrão
G2: Item | H2: Valor | I2: Tabela | J2: Regime | N2: Padrão | P2: Sim | Q2: Em Balanço
A3: Função | B3: Tabela | F3: =CONCATENATE($G$3,I3) -> LocaçãoMínimo | G3: Locação | H3: =H4*0.95 -> 0.9326625 | I3: Mínimo | J3: m³/dia | N3: P+1 | P3: Não | Q3: Pau de carga
A4: Montador de Andaimes | F4: =CONCATENATE($G$3,I4) -> LocaçãoPadrão | H4: =0.85*1.1*1.05 -> 0.98175 | I4: Padrão | N4: Máximo | Q4: Torre Interna
A5: Ajudante | F5: =CONCATENATE($G$3,I5) -> LocaçãoP+1 | H5: =H4*1.05 -> 1.0308375 | I5: P+1 | Q5: Costado Interno
A6: Ajudante | F6: =CONCATENATE($G$3,I6) -> LocaçãoMáximo | H6: =H4*1.15 -> 1.1290125 | I6: Máximo | Q6: Torre Externa
A7: Encarregado | O7: Mobilizado | Q7: Passarela
A8: Líder de Equipe | G8: MOBILIZADO | O8: Não Mobilizado
A9: TST | G9: Função | H9: Com Alimentação | I9: Sem Alimentação | J9: Tabela | K9: Regime | L9: Check Alimentação | M9: Check Tabela | N9: Check Mobilizado | O9: Não Mob Até 30D | P9: Fator Periculosidade
F10: =CONCATENATE($G$8,$G10,J10) -> MOBILIZADOMontador de AndaimesLimite | G10: Montador de Andaimes | H10: =IF(L10="sim",VLOOKUP(G10,Valores_Dados!$B$4:$M$8,3,FALSE),0) -> 0 | I10: =IF(L10="não",VLOOKUP(G10,Valores_Dados!$B$4:$M$8,8,FALSE),0) -> 69.56 | J10: Limite | K10: R$/HH | L10: =IF(Simulador!$B$2="sim","NÃO","SIM") -> NÃO | M10: =IF(J10=Simulador!$B$1,1,0) -> 0 | N10: =IF(M10=0,0,IF(Simulador!$B$4="mobilizado",1,0)) -> 0 | O10: 0.1934817 | P10: 1.1934817
F11: =CONCATENATE($G$8,$G11,J11) -> MOBILIZADOAjudanteLimite | G11: Ajudante | H11: =IF(L11="sim",VLOOKUP(G11,Valores_Dados!$B$4:$M$8,3,FALSE),0) -> 0 | I11: =IF(L11="não",VLOOKUP(G11,Valores_Dados!$B$4:$M$8,8,FALSE),0) -> 53.83 | J11: Limite | K11: R$/HH | L11: =IF(Simulador!$B$2="sim","NÃO","SIM") -> NÃO | M11: =IF(J11=Simulador!$B$1,1,0) -> 0 | N11: =IF(M11=0,0,IF(Simulador!$B$4="mobilizado",1,0)) -> 0 | O11: 0.16618254 | P11: 1.1661825
F12: =CONCATENATE($G$8,$G12,J12) -> MOBILIZADOEncarregadoLimite | G12: Encarregado | H12: =IF(L12="sim",VLOOKUP(G12,Valores_Dados!$B$4:$M$8,3,FALSE),0) -> 0 | I12: =IF(L12="não",VLOOKUP(G12,Valores_Dados!$B$4:$M$8,8,FALSE),0) -> 104.42 | J12: Limite | K12: R$/HH | L12: =IF(Simulador!$B$2="sim","NÃO","SIM") -> NÃO | M12: =IF(J12=Simulador!$B$1,1,0) -> 0 | N12: =IF(M12=0,0,IF(Simulador!$B$4="mobilizado",1,0)) -> 0 | O12: 0.20345321 | P12: 1.2034532
F13: =CONCATENATE($G$8,$G13,J13) -> MOBILIZADOLíder de EquipeLimite | G13: Líder de Equipe | H13: =IF(L13="sim",VLOOKUP(G13,Valores_Dados!$B$4:$M$8,3,FALSE),0) -> 0 | I13: =IF(L13="não",VLOOKUP(G13,Valores_Dados!$B$4:$M$8,8,FALSE),0) -> 77.7 | J13: Limite | K13: R$/HH | L13: =IF(Simulador!$B$2="sim","NÃO","SIM") -> NÃO | M13: =IF(J13=Simulador!$B$1,1,0) -> 0 | N13: =IF(M13=0,0,IF(Simulador!$B$4="mobilizado",1,0)) -> 0 | O13: 0.22654615 | P13: 1.2265462
F14: =CONCATENATE($G$8,$G14,J14) -> MOBILIZADOTSTLimite | G14: TST | H14: =IF(L14="sim",VLOOKUP(G14,Valores_Dados!$B$4:$M$8,3,FALSE),0) -> 0 | I14: =IF(L14="não",VLOOKUP(G14,Valores_Dados!$B$4:$M$8,8,FALSE),0) -> 87.81 | J14: Limite | K14: R$/HH | L14: =IF(Simulador!$B$2="sim","NÃO","SIM") -> NÃO | M14: =IF(J14=Simulador!$B$1,1,0) -> 0 | N14: =IF(M14=0,0,IF(Simulador!$B$4="mobilizado",1,0)) -> 0 | O14: 0.2206822 | P14: 1.2206822
F16: =CONCATENATE($G$8,$G16,J16) -> MOBILIZADOMontador de AndaimesMínimo | G16: Montador de Andaimes | H16: =IF(L16="sim",VLOOKUP(G16,Valores_Dados!$B$4:$M$8,4,FALSE),0) -> 0 | I16: =IF(L16="não",VLOOKUP(G16,Valores_Dados!$B$4:$M$8,9,FALSE),0) -> 71.28 | J16: Mínimo | K16: R$/HH | L16: =IF(Simulador!$B$2="sim","NÃO","SIM") -> NÃO | M16: =IF(J16=Simulador!$B$1,1,0) -> 0 | N16: =IF(M16=0,0,IF(Simulador!$B$4="mobilizado",1,0)) -> 0
F17: =CONCATENATE($G$8,$G17,J17) -> MOBILIZADOAjudanteMínimo | G17: Ajudante | H17: =IF(L17="sim",VLOOKUP(G17,Valores_Dados!$B$4:$M$8,4,FALSE),0) -> 0 | I17: =IF(L17="não",VLOOKUP(G17,Valores_Dados!$B$4:$M$8,9,FALSE),0) -> 55.16 | J17: Mínimo | K17: R$/HH | L17: =IF(Simulador!$B$2="sim","NÃO","SIM") -> NÃO | M17: =IF(J17=Simulador!$B$1,1,0) -> 0 | N17: =IF(M17=0,0,IF(Simulador!$B$4="mobilizado",1,0)) -> 0
F18: =CONCATENATE($G$8,$G18,J18) -> MOBILIZADOEncarregadoMínimo | G18: Encarregado | H18: =IF(L18="sim",VLOOKUP(G18,Valores_Dados!$B$4:$M$8,4,FALSE),0) -> 0 | I18: =IF(L18="não",VLOOKUP(G18,Valores_Dados!$B$4:$M$8,9,FALSE),0) -> 107.01 | J18: Mínimo | K18: R$/HH | L18: =IF(Simulador!$B$2="sim","NÃO","SIM") -> NÃO | M18: =IF(J18=Simulador!$B$1,1,0) -> 0 | N18: =IF(M18=0,0,IF(Simulador!$B$4="mobilizado",1,0)) -> 0
F19: =CONCATENATE($G$8,$G19,J19) -> MOBILIZADOLíder de EquipeMínimo | G19: Líder de Equipe | H19: =IF(L19="sim",VLOOKUP(G19,Valores_Dados!$B$4:$M$8,4,FALSE),0) -> 0 | I19: =IF(L19="não",VLOOKUP(G19,Valores_Dados!$B$4:$M$8,9,FALSE),0) -> 79.63 | J19: Mínimo | K19: R$/HH | L19: =IF(Simulador!$B$2="sim","NÃO","SIM") -> NÃO | M19: =IF(J19=Simulador!$B$1,1,0) -> 0 | N19: =IF(M19=0,0,IF(Simulador!$B$4="mobilizado",1,0)) -> 0
F20: =CONCATENATE($G$8,$G20,J20) -> MOBILIZADOTSTMínimo | G20: TST | H20: =IF(L20="sim",VLOOKUP(G20,Valores_Dados!$B$4:$M$8,4,FALSE),0) -> 0 | I20: =IF(L20="não",VLOOKUP(G20,Valores_Dados!$B$4:$M$8,9,FALSE),0) -> 89.98 | J20: Mínimo | K20: R$/HH | L20: =IF(Simulador!$B$2="sim","NÃO","SIM") -> NÃO | M20: =IF(J20=Simulador!$B$1,1,0) -> 0 | N20: =IF(M20=0,0,IF(Simulador!$B$4="mobilizado",1,0)) -> 0
F22: =CONCATENATE($G$8,$G22,J22) -> MOBILIZADOMontador de AndaimesPadrão | G22: Montador de Andaimes | H22: =IF(L22="sim",VLOOKUP(G22,Valores_Dados!$B$4:$M$8,5,FALSE),0) -> 0 | I22: =IF(L22="não",VLOOKUP(G22,Valores_Dados!$B$4:$M$8,10,FALSE),0) -> 72.48 | J22: Padrão | K22: R$/HH | L22: =IF(Simulador!$B$2="sim","NÃO","SIM") -> NÃO | M22: =IF(J22=Simulador!$B$1,1,0) -> 0 | N22: =IF(M22=0,0,IF(Simulador!$B$4="mobilizado",1,0)) -> 0
F23: =CONCATENATE($G$8,$G23,J23) -> MOBILIZADOAjudantePadrão | G23: Ajudante | H23: =IF(L23="sim",VLOOKUP(G23,Valores_Dados!$B$4:$M$8,5,FALSE),0) -> 0 | I23: =IF(L23="não",VLOOKUP(G23,Valores_Dados!$B$4:$M$8,10,FALSE),0) -> 56.09 | J23: Padrão | K23: R$/HH | L23: =IF(Simulador!$B$2="sim","NÃO","SIM") -> NÃO | M23: =IF(J23=Simulador!$B$1,1,0) -> 0 | N23: =IF(M23=0,0,IF(Simulador!$B$4="mobilizado",1,0)) -> 0
F24: =CONCATENATE($G$8,$G24,J24) -> MOBILIZADOEncarregadoPadrão | G24: Encarregado | H24: =IF(L24="sim",VLOOKUP(G24,Valores_Dados!$B$4:$M$8,5,FALSE),0) -> 0 | I24: =IF(L24="não",VLOOKUP(G24,Valores_Dados!$B$4:$M$8,10,FALSE),0) -> 108.81 | J24: Padrão | K24: R$/HH | L24: =IF(Simulador!$B$2="sim","NÃO","SIM") -> NÃO | M24: =IF(J24=Simulador!$B$1,1,0) -> 0 | N24: =IF(M24=0,0,IF(Simulador!$B$4="mobilizado",1,0)) -> 0
F25: =CONCATENATE($G$8,$G25,J25) -> MOBILIZADOLíder de EquipePadrão | G25: Líder de Equipe | H25: =IF(L25="sim",VLOOKUP(G25,Valores_Dados!$B$4:$M$8,5,FALSE),0) -> 0 | I25: =IF(L25="não",VLOOKUP(G25,Valores_Dados!$B$4:$M$8,10,FALSE),0) -> 80.96 | J25: Padrão | K25: R$/HH | L25: =IF(Simulador!$B$2="sim","NÃO","SIM") -> NÃO | M25: =IF(J25=Simulador!$B$1,1,0) -> 0 | N25: =IF(M25=0,0,IF(Simulador!$B$4="mobilizado",1,0)) -> 0
F26: =CONCATENATE($G$8,$G26,J26) -> MOBILIZADOTSTPadrão | G26: TST | H26: =IF(L26="sim",VLOOKUP(G26,Valores_Dados!$B$4:$M$8,5,FALSE),0) -> 0 | I26: =IF(L26="não",VLOOKUP(G26,Valores_Dados!$B$4:$M$8,10,FALSE),0) -> 91.5 | J26: Padrão | K26: R$/HH | L26: =IF(Simulador!$B$2="sim","NÃO","SIM") -> NÃO | M26: =IF(J26=Simulador!$B$1,1,0) -> 0 | N26: =IF(M26=0,0,IF(Simulador!$B$4="mobilizado",1,0)) -> 0
F28: =CONCATENATE($G$8,$G28,J28) -> MOBILIZADOMontador de AndaimesP+1 | G28: Montador de Andaimes | H28: =IF(L28="sim",VLOOKUP(G28,Valores_Dados!$B$4:$M$8,6,FALSE),0) -> 0 | I28: =IF(L28="não",VLOOKUP(G28,Valores_Dados!$B$4:$M$8,11,FALSE),0) -> 74.35 | J28: P+1 | K28: R$/HH | L28: =IF(Simulador!$B$2="sim","NÃO","SIM") -> NÃO | M28: =IF(J28=Simulador!$B$1,1,0) -> 0 | N28: =IF(M28=0,0,IF(Simulador!$B$4="mobilizado",1,0)) -> 0
F29: =CONCATENATE($G$8,$G29,J29) -> MOBILIZADOAjudanteP+1 | G29: Ajudante | H29: =IF(L29="sim",VLOOKUP(G29,Valores_Dados!$B$4:$M$8,6,FALSE),0) -> 0 | I29: =IF(L29="não",VLOOKUP(G29,Valores_Dados!$B$4:$M$8,11,FALSE),0) -> 57.54 | J29: P+1 | K29: R$/HH | L29: =IF(Simulador!$B$2="sim","NÃO","SIM") -> NÃO | M29: =IF(J29=Simulador!$B$1,1,0) -> 0 | N29: =IF(M29=0,0,IF(Simulador!$B$4="mobilizado",1,0)) -> 0
F30: =CONCATENATE($G$8,$G30,J30) -> MOBILIZADOEncarregadoP+1 | G30: Encarregado | H30: =IF(L30="sim",VLOOKUP(G30,Valores_Dados!$B$4:$M$8,6,FALSE),0) -> 0 | I30: =IF(L30="não",VLOOKUP(G30,Valores_Dados!$B$4:$M$8,11,FALSE),0) -> 111.62 | J30: P+1 | K30: R$/HH | L30: =IF(Simulador!$B$2="sim","NÃO","SIM") -> NÃO | M30: =IF(J30=Simulador!$B$1,1,0) -> 0 | N30: =IF(M30=0,0,IF(Simulador!$B$4="mobilizado",1,0)) -> 0
F31: =CONCATENATE($G$8,$G31,J31) -> MOBILIZADOLíder de EquipeP+1 | G31: Líder de Equipe | H31: =IF(L31="sim",VLOOKUP(G31,Valores_Dados!$B$4:$M$8,6,FALSE),0) -> 0 | I31: =IF(L31="não",VLOOKUP(G31,Valores_Dados!$B$4:$M$8,11,FALSE),0) -> 83.06 | J31: P+1 | K31: R$/HH | L31: =IF(Simulador!$B$2="sim","NÃO","SIM") -> NÃO | M31: =IF(J31=Simulador!$B$1,1,0) -> 0 | N31: =IF(M31=0,0,IF(Simulador!$B$4="mobilizado",1,0)) -> 0
F32: =CONCATENATE($G$8,$G32,J32) -> MOBILIZADOTSTP+1 | G32: TST | H32: =IF(L32="sim",VLOOKUP(G32,Valores_Dados!$B$4:$M$8,6,FALSE),0) -> 0 | I32: =IF(L32="não",VLOOKUP(G32,Valores_Dados!$B$4:$M$8,10,FALSE),0) -> 91.5 | J32: P+1 | K32: R$/HH | L32: =IF(Simulador!$B$2="sim","NÃO","SIM") -> NÃO | M32: =IF(J32=Simulador!$B$1,1,0) -> 0 | N32: =IF(M32=0,0,IF(Simulador!$B$4="mobilizado",1,0)) -> 0
F34: =CONCATENATE($G$8,$G34,J34) -> MOBILIZADOMontador de AndaimesMáximo | G34: Montador de Andaimes | H34: =IF(L34="sim",VLOOKUP(G34,Valores_Dados!$B$4:$M$8,7,FALSE),0) -> 0 | I34: =IF(L34="não",VLOOKUP(G34,Valores_Dados!$B$4:$M$8,12,FALSE),0) -> 79.85 | J34: Máximo | K34: R$/HH | L34: =IF(Simulador!$B$2="sim","NÃO","SIM") -> NÃO | M34: =IF(J34=Simulador!$B$1,1,0) -> 1 | N34: =IF(M34=0,0,IF(Simulador!$B$4="mobilizado",1,0)) -> 0
F35: =CONCATENATE($G$8,$G35,J35) -> MOBILIZADOAjudanteMáximo | G35: Ajudante | H35: =IF(L35="sim",VLOOKUP(G35,Valores_Dados!$B$4:$M$8,7,FALSE),0) -> 0 | I35: =IF(L35="não",VLOOKUP(G35,Valores_Dados!$B$4:$M$8,12,FALSE),0) -> 61.8 | J35: Máximo | K35: R$/HH | L35: =IF(Simulador!$B$2="sim","NÃO","SIM") -> NÃO | M35: =IF(J35=Simulador!$B$1,1,0) -> 1 | N35: =IF(M35=0,0,IF(Simulador!$B$4="mobilizado",1,0)) -> 0
F36: =CONCATENATE($G$8,$G36,J36) -> MOBILIZADOEncarregadoMáximo | G36: Encarregado | H36: =IF(L36="sim",VLOOKUP(G36,Valores_Dados!$B$4:$M$8,7,FALSE),0) -> 0 | I36: =IF(L36="não",VLOOKUP(G36,Valores_Dados!$B$4:$M$8,12,FALSE),0) -> 119.88 | J36: Máximo | K36: R$/HH | L36: =IF(Simulador!$B$2="sim","NÃO","SIM") -> NÃO | M36: =IF(J36=Simulador!$B$1,1,0) -> 1 | N36: =IF(M36=0,0,IF(Simulador!$B$4="mobilizado",1,0)) -> 0
F37: =CONCATENATE($G$8,$G37,J37) -> MOBILIZADOLíder de EquipeMáximo | G37: Líder de Equipe | H37: =IF(L37="sim",VLOOKUP(G37,Valores_Dados!$B$4:$M$8,7,FALSE),0) -> 0 | I37: =IF(L37="não",VLOOKUP(G37,Valores_Dados!$B$4:$M$8,12,FALSE),0) -> 89.2 | J37: Máximo | K37: R$/HH | L37: =IF(Simulador!$B$2="sim","NÃO","SIM") -> NÃO | M37: =IF(J37=Simulador!$B$1,1,0) -> 1 | N37: =IF(M37=0,0,IF(Simulador!$B$4="mobilizado",1,0)) -> 0
F38: =CONCATENATE($G$8,$G38,J38) -> MOBILIZADOTSTMáximo | G38: TST | H38: =IF(L38="sim",VLOOKUP(G38,Valores_Dados!$B$4:$M$8,7,FALSE),0) -> 0 | I38: =IF(L38="não",VLOOKUP(G38,Valores_Dados!$B$4:$M$8,12,FALSE),0) -> 100.81 | J38: Máximo | K38: R$/HH | L38: =IF(Simulador!$B$2="sim","NÃO","SIM") -> NÃO | M38: =IF(J38=Simulador!$B$1,1,0) -> 1 | N38: =IF(M38=0,0,IF(Simulador!$B$4="mobilizado",1,0)) -> 0
G40: Não Mobilizado
G41: Função | H41: Com Alimentação | I41: Sem Alimentação | J41: Tabela | K41: Regime | L41: Check Alimentação | M41: Check Tabela | N41: Check Mobilizado
F42: =CONCATENATE($G$40,$G42,J42) -> Não MobilizadoMontador de AndaimesLimite | G42: Montador de Andaimes | H42: =IF(L42="sim",VLOOKUP(G42,Valores_Dados!$B$11:$M$15,3,FALSE),0) -> 0 | I42: =IF(L42="não",VLOOKUP(G42,Valores_Dados!$B$11:$M$15,8,FALSE),0) -> 69.98 | J42: Limite | K42: R$/HH | L42: =IF(Simulador!$B$2="sim","NÃO","SIM") -> NÃO | M42: =IF(J42=Simulador!$B$1,1,0) -> 0 | N42: =IF(M42=0,0,IF(Simulador!$B$4="mobilizado",1,0)) -> 0
F43: =CONCATENATE($G$40,$G43,J43) -> Não MobilizadoAjudanteLimite | G43: Ajudante | H43: =IF(L43="sim",VLOOKUP(G43,Valores_Dados!$B$11:$M$15,3,FALSE),0) -> 0 | I43: =IF(L43="não",VLOOKUP(G43,Valores_Dados!$B$11:$M$15,8,FALSE),0) -> 54.26 | J43: Limite | K43: R$/HH | L43: =IF(Simulador!$B$2="sim","NÃO","SIM") -> NÃO | M43: =IF(J43=Simulador!$B$1,1,0) -> 0 | N43: =IF(M43=0,0,IF(Simulador!$B$4="mobilizado",1,0)) -> 0
F44: =CONCATENATE($G$40,$G44,J44) -> Não MobilizadoEncarregadoLimite | G44: Encarregado | H44: =IF(L44="sim",VLOOKUP(G44,Valores_Dados!$B$11:$M$15,3,FALSE),0) -> 0 | I44: =IF(L44="não",VLOOKUP(G44,Valores_Dados!$B$11:$M$15,8,FALSE),0) -> 104.85 | J44: Limite | K44: R$/HH | L44: =IF(Simulador!$B$2="sim","NÃO","SIM") -> NÃO | M44: =IF(J44=Simulador!$B$1,1,0) -> 0 | N44: =IF(M44=0,0,IF(Simulador!$B$4="mobilizado",1,0)) -> 0
F45: =CONCATENATE($G$40,$G45,J45) -> Não MobilizadoLíder de EquipeLimite | G45: Líder de Equipe | H45: =IF(L45="sim",VLOOKUP(G45,Valores_Dados!$B$11:$M$15,3,FALSE),0) -> 0 | I45: =IF(L45="não",VLOOKUP(G45,Valores_Dados!$B$11:$M$15,8,FALSE),0) -> 78.13 | J45: Limite | K45: R$/HH | L45: =IF(Simulador!$B$2="sim","NÃO","SIM") -> NÃO | M45: =IF(J45=Simulador!$B$1,1,0) -> 0 | N45: =IF(M45=0,0,IF(Simulador!$B$4="mobilizado",1,0)) -> 0
F46: =CONCATENATE($G$40,$G46,J46) -> Não MobilizadoTSTLimite | G46: TST | H46: =IF(L46="sim",VLOOKUP(G46,Valores_Dados!$B$11:$M$15,3,FALSE),0) -> 0 | I46: =IF(L46="não",VLOOKUP(G46,Valores_Dados!$B$11:$M$15,8,FALSE),0) -> 88.24 | J46: Limite | K46: R$/HH | L46: =IF(Simulador!$B$2="sim","NÃO","SIM") -> NÃO | M46: =IF(J46=Simulador!$B$1,1,0) -> 0 | N46: =IF(M46=0,0,IF(Simulador!$B$4="mobilizado",1,0)) -> 0
F48: =CONCATENATE($G$40,$G48,J48) -> Não MobilizadoMontador de AndaimesMínimo | G48: Montador de Andaimes | H48: =IF(L48="sim",VLOOKUP(G48,Valores_Dados!$B$11:$M$15,4,FALSE),0) -> 0 | I48: =IF(L48="não",VLOOKUP(G48,Valores_Dados!$B$11:$M$15,9,FALSE),0) -> 71.72 | J48: Mínimo | K48: R$/HH | L48: =IF(Simulador!$B$2="sim","NÃO","SIM") -> NÃO | M48: =IF(J48=Simulador!$B$1,1,0) -> 0 | N48: =IF(M48=0,0,IF(Simulador!$B$4="mobilizado",1,0)) -> 0
F49: =CONCATENATE($G$40,$G49,J49) -> Não MobilizadoAjudanteMínimo | G49: Ajudante | H49: =IF(L49="sim",VLOOKUP(G49,Valores_Dados!$B$11:$M$15,4,FALSE),0) -> 0 | I49: =IF(L49="não",VLOOKUP(G49,Valores_Dados!$B$11:$M$15,9,FALSE),0) -> 55.6 | J49: Mínimo | K49: R$/HH | L49: =IF(Simulador!$B$2="sim","NÃO","SIM") -> NÃO | M49: =IF(J49=Simulador!$B$1,1,0) -> 0 | N49: =IF(M49=0,0,IF(Simulador!$B$4="mobilizado",1,0)) -> 0
F50: =CONCATENATE($G$40,$G50,J50) -> Não MobilizadoEncarregadoMínimo | G50: Encarregado | H50: =IF(L50="sim",VLOOKUP(G50,Valores_Dados!$B$11:$M$15,4,FALSE),0) -> 0 | I50: =IF(L50="não",VLOOKUP(G50,Valores_Dados!$B$11:$M$15,9,FALSE),0) -> 107.45 | J50: Mínimo | K50: R$/HH | L50: =IF(Simulador!$B$2="sim","NÃO","SIM") -> NÃO | M50: =IF(J50=Simulador!$B$1,1,0) -> 0 | N50: =IF(M50=0,0,IF(Simulador!$B$4="mobilizado",1,0)) -> 0
F51: =CONCATENATE($G$40,$G51,J51) -> Não MobilizadoLíder de EquipeMínimo | G51: Líder de Equipe | H51: =IF(L51="sim",VLOOKUP(G51,Valores_Dados!$B$11:$M$15,4,FALSE),0) -> 0 | I51: =IF(L51="não",VLOOKUP(G51,Valores_Dados!$B$11:$M$15,9,FALSE),0) -> 80.06 | J51: Mínimo | K51: R$/HH | L51: =IF(Simulador!$B$2="sim","NÃO","SIM") -> NÃO | M51: =IF(J51=Simulador!$B$1,1,0) -> 0 | N51: =IF(M51=0,0,IF(Simulador!$B$4="mobilizado",1,0)) -> 0
F52: =CONCATENATE($G$40,$G52,J52) -> Não MobilizadoTSTMínimo | G52: TST | H52: =IF(L52="sim",VLOOKUP(G52,Valores_Dados!$B$11:$M$15,4,FALSE),0) -> 0 | I52: =IF(L52="não",VLOOKUP(G52,Valores_Dados!$B$11:$M$15,9,FALSE),0) -> 90.42 | J52: Mínimo | K52: R$/HH | L52: =IF(Simulador!$B$2="sim","NÃO","SIM") -> NÃO | M52: =IF(J52=Simulador!$B$1,1,0) -> 0 | N52: =IF(M52=0,0,IF(Simulador!$B$4="mobilizado",1,0)) -> 0
F54: =CONCATENATE($G$40,$G54,J54) -> Não MobilizadoMontador de AndaimesPadrão | G54: Montador de Andaimes | H54: =IF(L54="sim",VLOOKUP(G54,Valores_Dados!$B$11:$M$15,5,FALSE),0) -> 0 | I54: =IF(L54="não",VLOOKUP(G54,Valores_Dados!$B$11:$M$15,10,FALSE),0) -> 72.92 | J54: Padrão | K54: R$/HH | L54: =IF(Simulador!$B$2="sim","NÃO","SIM") -> NÃO | M54: =IF(J54=Simulador!$B$1,1,0) -> 0 | N54: =IF(M54=0,0,IF(Simulador!$B$4="mobilizado",1,0)) -> 0
F55: =CONCATENATE($G$40,$G55,J55) -> Não MobilizadoAjudantePadrão | G55: Ajudante | H55: =IF(L55="sim",VLOOKUP(G55,Valores_Dados!$B$11:$M$15,5,FALSE),0) -> 0 | I55: =IF(L55="não",VLOOKUP(G55,Valores_Dados!$B$11:$M$15,10,FALSE),0) -> 56.53 | J55: Padrão | K55: R$/HH | L55: =IF(Simulador!$B$2="sim","NÃO","SIM") -> NÃO | M55: =IF(J55=Simulador!$B$1,1,0) -> 0 | N55: =IF(M55=0,0,IF(Simulador!$B$4="mobilizado",1,0)) -> 0
F56: =CONCATENATE($G$40,$G56,J56) -> Não MobilizadoEncarregadoPadrão | G56: Encarregado | H56: =IF(L56="sim",VLOOKUP(G56,Valores_Dados!$B$11:$M$15,5,FALSE),0) -> 0 | I56: =IF(L56="não",VLOOKUP(G56,Valores_Dados!$B$11:$M$15,10,FALSE),0) -> 109.25 | J56: Padrão | K56: R$/HH | L56: =IF(Simulador!$B$2="sim","NÃO","SIM") -> NÃO | M56: =IF(J56=Simulador!$B$1,1,0) -> 0 | N56: =IF(M56=0,0,IF(Simulador!$B$4="mobilizado",1,0)) -> 0
F57: =CONCATENATE($G$40,$G57,J57) -> Não MobilizadoLíder de EquipePadrão | G57: Líder de Equipe | H57: =IF(L57="sim",VLOOKUP(G57,Valores_Dados!$B$11:$M$15,5,FALSE),0) -> 0 | I57: =IF(L57="não",VLOOKUP(G57,Valores_Dados!$B$11:$M$15,10,FALSE),0) -> 81.41 | J57: Padrão | K57: R$/HH | L57: =IF(Simulador!$B$2="sim","NÃO","SIM") -> NÃO | M57: =IF(J57=Simulador!$B$1,1,0) -> 0 | N57: =IF(M57=0,0,IF(Simulador!$B$4="mobilizado",1,0)) -> 0
F58: =CONCATENATE($G$40,$G58,J58) -> Não MobilizadoTSTPadrão | G58: TST | H58: =IF(L58="sim",VLOOKUP(G58,Valores_Dados!$B$11:$M$15,5,FALSE),0) -> 0 | I58: =IF(L58="não",VLOOKUP(G58,Valores_Dados!$B$11:$M$15,10,FALSE),0) -> 91.94 | J58: Padrão | K58: R$/HH | L58: =IF(Simulador!$B$2="sim","NÃO","SIM") -> NÃO | M58: =IF(J58=Simulador!$B$1,1,0) -> 0 | N58: =IF(M58=0,0,IF(Simulador!$B$4="mobilizado",1,0)) -> 0
F60: =CONCATENATE($G$40,$G60,J60) -> Não MobilizadoMontador de AndaimesP+1 | G60: Montador de Andaimes | H60: =IF(L60="sim",VLOOKUP(G60,Valores_Dados!$B$11:$M$15,6,FALSE),0) -> 0 | I60: =IF(L60="não",VLOOKUP(G60,Valores_Dados!$B$11:$M$15,11,FALSE),0) -> 74.81 | J60: P+1 | K60: R$/HH | L60: =IF(Simulador!$B$2="sim","NÃO","SIM") -> NÃO | M60: =IF(J60=Simulador!$B$1,1,0) -> 0 | N60: =IF(M60=0,0,IF(Simulador!$B$4="mobilizado",1,0)) -> 0
F61: =CONCATENATE($G$40,$G61,J61) -> Não MobilizadoAjudanteP+1 | G61: Ajudante | H61: =IF(L61="sim",VLOOKUP(G61,Valores_Dados!$B$11:$M$15,6,FALSE),0) -> 0 | I61: =IF(L61="não",VLOOKUP(G61,Valores_Dados!$B$11:$M$15,11,FALSE),0) -> 57.99 | J61: P+1 | K61: R$/HH | L61: =IF(Simulador!$B$2="sim","NÃO","SIM") -> NÃO | M61: =IF(J61=Simulador!$B$1,1,0) -> 0 | N61: =IF(M61=0,0,IF(Simulador!$B$4="mobilizado",1,0)) -> 0
F62: =CONCATENATE($G$40,$G62,J62) -> Não MobilizadoEncarregadoP+1 | G62: Encarregado | H62: =IF(L62="sim",VLOOKUP(G62,Valores_Dados!$B$11:$M$15,6,FALSE),0) -> 0 | I62: =IF(L62="não",VLOOKUP(G62,Valores_Dados!$B$11:$M$15,11,FALSE),0) -> 112.07 | J62: P+1 | K62: R$/HH | L62: =IF(Simulador!$B$2="sim","NÃO","SIM") -> NÃO | M62: =IF(J62=Simulador!$B$1,1,0) -> 0 | N62: =IF(M62=0,0,IF(Simulador!$B$4="mobilizado",1,0)) -> 0
F63: =CONCATENATE($G$40,$G63,J63) -> Não MobilizadoLíder de EquipeP+1 | G63: Líder de Equipe | H63: =IF(L63="sim",VLOOKUP(G63,Valores_Dados!$B$11:$M$15,6,FALSE),0) -> 0 | I63: =IF(L63="não",VLOOKUP(G63,Valores_Dados!$B$11:$M$15,11,FALSE),0) -> 83.51 | J63: P+1 | K63: R$/HH | L63: =IF(Simulador!$B$2="sim","NÃO","SIM") -> NÃO | M63: =IF(J63=Simulador!$B$1,1,0) -> 0 | N63: =IF(M63=0,0,IF(Simulador!$B$4="mobilizado",1,0)) -> 0
F64: =CONCATENATE($G$40,$G64,J64) -> Não MobilizadoTSTP+1 | G64: TST | H64: =IF(L64="sim",VLOOKUP(G64,Valores_Dados!$B$11:$M$15,6,FALSE),0) -> 0 | I64: =IF(L64="não",VLOOKUP(G64,Valores_Dados!$B$11:$M$15,11,FALSE),0) -> 94.32 | J64: P+1 | K64: R$/HH | L64: =IF(Simulador!$B$2="sim","NÃO","SIM") -> NÃO | M64: =IF(J64=Simulador!$B$1,1,0) -> 0 | N64: =IF(M64=0,0,IF(Simulador!$B$4="mobilizado",1,0)) -> 0
F66: =CONCATENATE($G$40,$G66,J66) -> Não MobilizadoMontador de AndaimesMáximo | G66: Montador de Andaimes | H66: =IF(L66="sim",VLOOKUP(G66,Valores_Dados!$B$11:$M$15,7,FALSE),0) -> 0 | I66: =IF(L66="não",VLOOKUP(G66,Valores_Dados!$B$11:$N$15,12,FALSE),0) -> 80.34 | J66: Máximo | K66: R$/HH | L66: =IF(Simulador!$B$2="sim","NÃO","SIM") -> NÃO | M66: =IF(J66=Simulador!$B$1,1,0) -> 1 | N66: =IF(M66=0,0,IF(Simulador!$B$4="mobilizado",1,0)) -> 0
F67: =CONCATENATE($G$40,$G67,J67) -> Não MobilizadoAjudanteMáximo | G67: Ajudante | H67: =IF(L67="sim",VLOOKUP(G67,Valores_Dados!$B$11:$M$15,7,FALSE),0) -> 0 | I67: =IF(L67="não",VLOOKUP(G67,Valores_Dados!$B$11:$N$15,12,FALSE),0) -> 62.29 | J67: Máximo | K67: R$/HH | L67: =IF(Simulador!$B$2="sim","NÃO","SIM") -> NÃO | M67: =IF(J67=Simulador!$B$1,1,0) -> 1 | N67: =IF(M67=0,0,IF(Simulador!$B$4="mobilizado",1,0)) -> 0
F68: =CONCATENATE($G$40,$G68,J68) -> Não MobilizadoEncarregadoMáximo | G68: Encarregado | H68: =IF(L68="sim",VLOOKUP(G68,Valores_Dados!$B$11:$M$15,7,FALSE),0) -> 0 | I68: =IF(L68="não",VLOOKUP(G68,Valores_Dados!$B$11:$N$15,12,FALSE),0) -> 120.37 | J68: Máximo | K68: R$/HH | L68: =IF(Simulador!$B$2="sim","NÃO","SIM") -> NÃO | M68: =IF(J68=Simulador!$B$1,1,0) -> 1 | N68: =IF(M68=0,0,IF(Simulador!$B$4="mobilizado",1,0)) -> 0
F69: =CONCATENATE($G$40,$G69,J69) -> Não MobilizadoLíder de EquipeMáximo | G69: Líder de Equipe | H69: =IF(L69="sim",VLOOKUP(G69,Valores_Dados!$B$11:$M$15,7,FALSE),0) -> 0 | I69: =IF(L69="não",VLOOKUP(G69,Valores_Dados!$B$11:$N$15,12,FALSE),0) -> 89.69 | J69: Máximo | K69: R$/HH | L69: =IF(Simulador!$B$2="sim","NÃO","SIM") -> NÃO | M69: =IF(J69=Simulador!$B$1,1,0) -> 1 | N69: =IF(M69=0,0,IF(Simulador!$B$4="mobilizado",1,0)) -> 0
F70: =CONCATENATE($G$40,$G70,J70) -> Não MobilizadoTSTMáximo | G70: TST | H70: =IF(L70="sim",VLOOKUP(G70,Valores_Dados!$B$11:$M$15,7,FALSE),0) -> 0 | I70: =IF(L70="não",VLOOKUP(G70,Valores_Dados!$B$11:$N$15,12,FALSE),0) -> 101.3 | J70: Máximo | K70: R$/HH | L70: =IF(Simulador!$B$2="sim","NÃO","SIM") -> NÃO | M70: =IF(J70=Simulador!$B$1,1,0) -> 1 | N70: =IF(M70=0,0,IF(Simulador!$B$4="mobilizado",1,0)) -> 0

Sheet Simulador
A1: Tabela de Preço | B1: Máximo | D1: Efetivo | E1: Qtde | F1: R$/HH | G1: R$ Montagem | H1: R$ Desmontagem | M1: FUNÇÃO | N1: HH Normal | O1: HE 01 | P1: HE 02 | Q1: Adc Noturno
A2: Alimentação pelo Cliente | B2: Sim | D2: Montador de Andaimes | E2: 5 | F2: =IF(E2=0,"", IF($B$2="não",IF($B$3="sim",VLOOKUP(CONCATENATE($B$4,$D2,$B$1),'Tabela Dados'!$F:$K,3,FALSE)*1.3,VLOOKUP(CONCATENATE($B$4,$D2,$B$1),'Tabela Dados'!$F:$K,3,FALSE))+$B$6, IF($B$3="sim",VLOOKUP(CONCATENATE($B$4,$D2,$B$1),'Tabela Dados'!$F:$K,4,FALSE)*VLOOKUP(D2,'Tabela Dados'!$G:$P,10,FALSE),VLOOKUP(CONCATENATE($B$4,$D2,$B$1),'Tabela Dados'!$F:$K,4,FALSE)))+$B$6) -> 84.02 | G2: =IF(E2=0,"",$E2*$F2*$B$17*8) -> 581418.4 | H2: =IF(E2=0,"",$E2*$F2*$B$18*8) -> 389852.8 | J2: Tipo | K2: R$ | M2: Montador de Andaimes | N2: =F2 -> 84.02 | O2: =IFERROR(N2*1.75,"") -> 147.035 | P2: =IFERROR(N2*2,"") -> 168.04 | Q2: =IFERROR(N2*0.27,"") -> 22.6854
A3: Periculosidade | B3: Não | D3: Ajudante | F3: =IF(E3=0,"", IF($B$2="não",IF($B$3="sim",VLOOKUP(CONCATENATE($B$4,$D3,$B$1),'Tabela Dados'!$F:$K,3,FALSE)*1.3,VLOOKUP(CONCATENATE($B$4,$D3,$B$1),'Tabela Dados'!$F:$K,3,FALSE))+$B$6, IF($B$3="sim",VLOOKUP(CONCATENATE($B$4,$D3,$B$1),'Tabela Dados'!$F:$K,4,FALSE)*VLOOKUP(D3,'Tabela Dados'!$G:$P,10,FALSE),VLOOKUP(CONCATENATE($B$4,$D3,$B$1),'Tabela Dados'!$F:$K,4,FALSE)))+$B$6) | G3: =IF(E3=0,"",$E3*$F3*$B$17*8) | H3: =IF(E3=0,"",$E3*$F3*$B$18*8) | J3: HH Normal | K3: =F7 -> 88.695 | M3: Ajudante | N3: =F3 | O3: =IFERROR(N3*1.75,"") | P3: =IFERROR(N3*2,"") | Q3: =IFERROR(N3*0.27,"")
A4: Mobilizado | B4: Não Mobilizado | D4: Líder de Equipe | E4: 1 | F4: =IF(E4=0,"", IF($B$2="não",IF($B$3="sim",VLOOKUP(CONCATENATE($B$4,$D4,$B$1),'Tabela Dados'!$F:$K,3,FALSE)*1.3,VLOOKUP(CONCATENATE($B$4,$D4,$B$1),'Tabela Dados'!$F:$K,3,FALSE))+$B$6, IF($B$3="sim",VLOOKUP(CONCATENATE($B$4,$D4,$B$1),'Tabela Dados'!$F:$K,4,FALSE)*VLOOKUP(D4,'Tabela Dados'!$G:$P,10,FALSE),VLOOKUP(CONCATENATE($B$4,$D4,$B$1),'Tabela Dados'!$F:$K,4,FALSE)))+$B$6) -> 93.37 | G4: =IF(E4=0,"",$E4*$F4*$B$17*8) -> 129224.08 | H4: =IF(E4=0,"",$E4*$F4*$B$18*8) -> 86647.36 | J4: HE 01 | K4: =K3*1.75 -> 155.21625 | M4: Líder de Equipe | N4: =F4 -> 93.37 | O4: =IFERROR(N4*1.75,"") -> 163.3975 | P4: =IFERROR(N4*2,"") -> 186.74 | Q4: =IFERROR(N4*0.27,"") -> 25.2099
A5: DETECTOR DE CO | B5: Sim | D5: Encarregado | F5: =IF(E5=0,"", IF($B$2="não",IF($B$3="sim",VLOOKUP(CONCATENATE($B$4,$D5,$B$1),'Tabela Dados'!$F:$K,3,FALSE)*1.3,VLOOKUP(CONCATENATE($B$4,$D5,$B$1),'Tabela Dados'!$F:$K,3,FALSE))+$B$6, IF($B$3="sim",VLOOKUP(CONCATENATE($B$4,$D5,$B$1),'Tabela Dados'!$F:$K,4,FALSE)*VLOOKUP(D5,'Tabela Dados'!$G:$P,10,FALSE),VLOOKUP(CONCATENATE($B$4,$D5,$B$1),'Tabela Dados'!$F:$K,4,FALSE)))+$B$6) | G5: =IF(E5=0,"",$E5*$F5*$B$17*8) | H5: =IF(E5=0,"",$E5*$F5*$B$18*8) | J5: HE 02 | K5: =K3*2 -> 177.39 | M5: Encarregado | N5: =F5 | O5: =IFERROR(N5*1.75,"") | P5: =IFERROR(N5*2,"") | Q5: =IFERROR(N5*0.27,"")
A6: Valor Detector (HH) | B6: =IF(B5="Sim",ROUND(12*30/(1-(HLOOKUP(B1,Valores_Dados!N3:R4,2,FALSE)+Valores_Dados!R1+Valores_Dados!T1))/176,2),0) -> 3.68 | D6: TST | F6: =IF(E6=0,"", IF($B$2="não",IF($B$3="sim",VLOOKUP(CONCATENATE($B$4,$D6,$B$1),'Tabela Dados'!$F:$K,3,FALSE)*1.3,VLOOKUP(CONCATENATE($B$4,$D6,$B$1),'Tabela Dados'!$F:$K,3,FALSE))+$B$6, IF($B$3="sim",VLOOKUP(CONCATENATE($B$4,$D6,$B$1),'Tabela Dados'!$F:$K,4,FALSE)*VLOOKUP(D6,'Tabela Dados'!$G:$P,10,FALSE),VLOOKUP(CONCATENATE($B$4,$D6,$B$1),'Tabela Dados'!$F:$K,4,FALSE)))+$B$6) | G6: =IF(E6=0,"",$E6*$F6*$B$17*8) | H6: =IF(E6=0,"",$E6*$F6*$B$18*8) | M6: TST | N6: =F6 | O6: =IFERROR(N6*1.75,"") | P6: =IFERROR(N6*2,"") | Q6: =IFERROR(N6*0.27,"")
D7: Efetivo Total | E7: =SUM(E2:E6) -> 6 | F7: =AVERAGE(F2:F6) -> 88.695 | G7: =SUM(G2:G6) -> 710642.48 | H7: =SUM(H2:H6) -> 476500.16
A8: R$/m³ com Locação | B8: =IFERROR(ROUND((H80+H18)/J117,2),0) -> 145.39 | M8: ITEM | N8: REGIME | O8: VALOR UNITÁRIO
A9: R$/m³ sem Locação | B9: =IFERROR(ROUND(SUM(H14:H15)/J117,2),0) -> 83.3 | M9: LOCAÇÃO | N9: DIÁRIA | O9: R$ 0,98/M³
A10: R$ por Efetivo com Locação | B10: =ROUND((H18)/E7/(B19/22),2) -> 20675.51
A11: R$ por Efetivo sem Locação | B11: =ROUND(SUM(H14:H15)/E7/(B19/22),2) -> 15061.79 | F11: Desconto: | G11: 0
D12: ITEM | E12: Regime | F12: Qtde | G12: R$ unitário | H12: R$ Total | I12: R$/m³ Montado | J12: R$/m³ Desmontado | K12: % Ref.
A13: Produtividades | D13: Mobilização | E13: Unit | F13: =IF(B4="Mobilizado",0,E7) -> 6 | G13: =IF(F13=0,0,ROUND((H14*0.055+H15*0.055)/F13,2)) -> 10882.14 | H13: =G13*F13 -> 65292.84
A14: Horas Efetivas | B14: 7 | D14: Montagem | E14: Unit | F14: 1 | G14: =ROUND(G7*(1-G11),2) -> 710642.48 | H14: =G14*F14 -> 710642.48 | I14: =H14/$J$117 -> 49.864649 | K14: =H14/$H$18 -> 0.43608229
A15: Montagem (m³/h) | B15: 2 | D15: Desmontagem | E15: Unit | F15: 1 | G15: =ROUND(H7*(1-G11),2) -> 476500.16 | H15: =G15*F15 -> 476500.16 | J15: =H15/$J$117 -> 33.435256 | K15: =H15/$H$18 -> 0.292402
A16: Desmontagem (m³/h) | B16: =B15*1.5 -> 3 | D16: Locação | E16: Mensal | F16: 1 | G16: =H80 -> 442463.73 | H16: =G16*F16 -> 442463.73
A17: Dias Montagem | B17: =IFERROR(IF(B4="Não Mobilizado",ROUNDUP((J117/(SUM(E2:E4)*B15*$B$14)),0)+3,ROUNDUP(J117/(SUM(E2:E4)*B15*$B$14),0)),"-") -> 173 | D17: Linha de vida + MC + ART | E17: Unit | G17: =160*10 -> 1600 | H17: =G17*F17 -> 0 | K17: =SUM(I13:J16) -> 83.299905
A18: Dias Desmontagem | B18: =IFERROR(IF(B4="Não Mobilizado",ROUNDUP((J117/(SUM(E2:E4)*B16*$B$14)),0)+2,ROUNDUP(J117/(SUM(E2:E4)*B16*$B$14),0)),"-") -> 116 | D18: Total: | H18: =SUM(H14:H17) -> 1629606.4
A19: Dias Totais | B19: =SUM(B17:B18) -> 289
A20: Horas Totais | B20: =B19*8 -> 2312 | F20: =H20*0.1 -> 63486.787 | H20: 634867.87 | J20: =H20*0.6-F20 -> 317433.93 | L20: =H20-J20-F20 -> 253947.15
A21: Total HH | B21: =B19*E7*8 -> 13872 | H21: =H20+H16 -> 1077331.6
A22: Total m³ | B22: =IF(D80=0,'Tabela de preços por Item'!E386/3.2,D80) -> 14251.429
I23: =90/2.5 -> 36 | K23: =I23*4 -> 144
A24: Tabela de Preço | B24: P+1 | C24: Desconto: | D24: 0
A25: ITEM | B25: DESCRIÇÃO | C25: Regime | D25: Qtde | E25: R$/dia | F25: Período (Mês) | G25: R$ Mensal | H25: R$ Total
A26: =A85 -> 1.1 | B26: =B85 -> Passarela Maior | C26: m³ | D26: =VLOOKUP(A26,$A$85:$J$116,10,FALSE) -> 14251.429 | E26: =IF(D26=0,0,VLOOKUP(CONCATENATE("LOCAÇÃO",$B$24),'Tabela Dados'!$F$3:$H$6,3,0)*(1-$D$24)) -> 1.0308375 | F26: 1 | G26: =ROUND(E26*D26*30,2)+'Tabela de preços por Item'!G366*Simulador!D82 -> 442463.73 | H26: =ROUND(G26*F26,2) -> 442463.73
A27: 1.1 | B27: Piso Extra | C27: m² | D27: =IFERROR(H85*F85*G85,0) -> 0 | E27: =IF(D27=0,0,(IF($B$24="padrão",'Tabela de preços por Item'!$L$468*3,IF(Simulador!$B$24="mínimo",'Tabela de preços por Item'!$K$468*3,'Tabela de preços por Item'!$M$468*3))/30)*(1-$D$24)) -> 0 | F27: =F26 -> 1 | G27: =ROUND(E27*D27*30,2) -> 0 | H27: =ROUND(G27*F27,2) -> 0
A28: =A86 -> 1.2 | B28: =B86 -> 0 | C28: m³ | D28: =VLOOKUP(A28,$A$85:$J$116,10,FALSE) -> 0 | E28: =IF(D28=0,0,VLOOKUP(CONCATENATE("LOCAÇÃO",$B$24),'Tabela Dados'!$F$3:$H$6,3,0)*(1-$D$24)) -> 0 | F28: 1 | G28: =ROUND(E28*D28*30,2)+'Tabela de preços por Item'!G366*Simulador!E82 -> 0 | H28: =ROUND(G28*F28,2) -> 0
A29: =A28 -> 1.2 | B29: =B27 -> Piso Extra | C29: m² | D29: =H86*F86*G86 -> 0 | E29: =IF(D29=0,0,(IF($B$24="padrão",'Tabela de preços por Item'!$L$468*3,IF(Simulador!$B$24="mínimo",'Tabela de preços por Item'!$K$468*3,'Tabela de preços por Item'!$M$468*3))/30)*(1-$D$24)) -> 0 | F29: =F28 -> 1 | G29: =ROUND(E29*D29*30,2) -> 0 | H29: =ROUND(G29*F29,2) -> 0
A30: =A87 -> 1.3 | B30: =B87 -> 0 | C30: m³ | D30: =VLOOKUP(A30,$A$85:$J$116,10,FALSE) -> 0 | E30: =IF(D30=0,0,VLOOKUP(CONCATENATE("LOCAÇÃO",$B$24),'Tabela Dados'!$F$3:$H$6,3,0)*(1-$D$24)) -> 0 | F30: 1 | G30: =ROUND(E30*D30*30,2) -> 0 | H30: =ROUND(G30*F30,2) -> 0
A31: =A30 -> 1.3 | B31: =B29 -> Piso Extra | C31: m² | D31: =H87*F87*G87 -> 0 | E31: =IF(D31=0,0,(IF($B$24="padrão",'Tabela de preços por Item'!$L$468*3,IF(Simulador!$B$24="mínimo",'Tabela de preços por Item'!$K$468*3,'Tabela de preços por Item'!$M$468*3))/30)*(1-$D$24)) -> 0 | F31: =F30 -> 1 | G31: =ROUND(E31*D31*30,2) -> 0 | H31: =ROUND(G31*F31,2) -> 0
A32: =A88 -> 1.4 | B32: =B88 -> 0 | C32: m³ | D32: =VLOOKUP(A32,$A$85:$J$116,10,FALSE) -> 0 | E32: =IF(D32=0,0,VLOOKUP(CONCATENATE("LOCAÇÃO",$B$24),'Tabela Dados'!$F$3:$H$6,3,0)*(1-$D$24)) -> 0 | F32: 1 | G32: =ROUND(E32*D32*30,2) -> 0 | H32: =ROUND(G32*F32,2) -> 0
A33: =A32 -> 1.4 | B33: =B31 -> Piso Extra | C33: m² | D33: =H88*F88*G88 -> 0 | E33: =IF(D33=0,0,(IF($B$24="padrão",'Tabela de preços por Item'!$L$468*3,IF(Simulador!$B$24="mínimo",'Tabela de preços por Item'!$K$468*3,'Tabela de preços por Item'!$M$468*3))/30)*(1-$D$24)) -> 0 | F33: =F32 -> 1 | G33: =ROUND(E33*D33*30,2) -> 0 | H33: =ROUND(G33*F33,2) -> 0
A34: =A89 -> 1.5 | B34: =B89 -> 0 | C34: m³ | D34: =VLOOKUP(A34,$A$85:$J$116,10,FALSE) -> 0 | E34: =IF(D34=0,0,VLOOKUP(CONCATENATE("LOCAÇÃO",$B$24),'Tabela Dados'!$F$3:$H$6,3,0)*(1-$D$24)) -> 0 | F34: 1 | G34: =ROUND(E34*D34*30,2) -> 0 | H34: =ROUND(G34*F34,2) -> 0
A35: =A34 -> 1.5 | B35: =B33 -> Piso Extra | C35: m² | D35: =H89*F89*G89 -> 0 | E35: =IF(D35=0,0,(IF($B$24="padrão",'Tabela de preços por Item'!$L$468*3,IF(Simulador!$B$24="mínimo",'Tabela de preços por Item'!$K$468*3,'Tabela de preços por Item'!$M$468*3))/30)*(1-$D$24)) -> 0 | F35: =F34 -> 1 | G35: =ROUND(E35*D35*30,2) -> 0 | H35: =ROUND(G35*F35,2) -> 0
A36: =A90 -> 1.6 | B36: =B90 -> 0 | C36: m³ | D36: =VLOOKUP(A36,$A$85:$J$116,10,FALSE) -> 0 | E36: =IF(D36=0,0,VLOOKUP(CONCATENATE("LOCAÇÃO",$B$24),'Tabela Dados'!$F$3:$H$6,3,0)*(1-$D$24)) -> 0 | F36: 1 | G36: =ROUND(E36*D36*30,2) -> 0 | H36: =ROUND(G36*F36,2) -> 0
A37: =A36 -> 1.6 | B37: =B35 -> Piso Extra | C37: m² | D37: =H90*F90*G90 -> 0 | E37: =IF(D37=0,0,(IF($B$24="padrão",'Tabela de preços por Item'!$L$468*3,IF(Simulador!$B$24="mínimo",'Tabela de preços por Item'!$K$468*3,'Tabela de preços por Item'!$M$468*3))/30)*(1-$D$24)) -> 0 | F37: =F36 -> 1 | G37: =ROUND(E37*D37*30,2) -> 0 | H37: =ROUND(G37*F37,2) -> 0
A38: =A91 -> 1.7 | B38: =B91 -> 0 | C38: m³ | D38: =VLOOKUP(A38,$A$85:$J$116,10,FALSE) -> 0 | E38: =IF(D38=0,0,VLOOKUP(CONCATENATE("LOCAÇÃO",$B$24),'Tabela Dados'!$F$3:$H$6,3,0)*(1-$D$24)) -> 0 | F38: 1 | G38: =ROUND(E38*D38*30,2) -> 0 | H38: =ROUND(G38*F38,2) -> 0
A39: =A38 -> 1.7 | B39: =B37 -> Piso Extra | C39: m² | D39: =H91*F91*G91 -> 0 | E39: =IF(D39=0,0,(IF($B$24="padrão",'Tabela de preços por Item'!$L$468*3,IF(Simulador!$B$24="mínimo",'Tabela de preços por Item'!$K$468*3,'Tabela de preços por Item'!$M$468*3))/30)*(1-$D$24)) -> 0 | F39: =F38 -> 1 | G39: =ROUND(E39*D39*30,2) -> 0 | H39: =ROUND(G39*F39,2) -> 0
A40: =A92 -> 1.8 | B40: =B92 -> 0 | C40: m³ | D40: =VLOOKUP(A40,$A$85:$J$116,10,FALSE) -> 0 | E40: =IF(D40=0,0,VLOOKUP(CONCATENATE("LOCAÇÃO",$B$24),'Tabela Dados'!$F$3:$H$6,3,0)*(1-$D$24)) -> 0 | F40: 1 | G40: =ROUND(E40*D40*30,2) -> 0 | H40: =ROUND(G40*F40,2) -> 0
A41: =A40 -> 1.8 | B41: =B39 -> Piso Extra | C41: m² | D41: =H92*F92*G92 -> 0 | E41: =IF(D41=0,0,(IF($B$24="padrão",'Tabela de preços por Item'!$L$468*3,IF(Simulador!$B$24="mínimo",'Tabela de preços por Item'!$K$468*3,'Tabela de preços por Item'!$M$468*3))/30)*(1-$D$24)) -> 0 | F41: =F40 -> 1 | G41: =ROUND(E41*D41*30,2) -> 0 | H41: =ROUND(G41*F41,2) -> 0
A42: =A93 -> 1.9 | B42: =B93 -> 0 | C42: m³ | D42: =VLOOKUP(A42,$A$85:$J$116,10,FALSE) -> 0 | E42: =IF(D42=0,0,VLOOKUP(CONCATENATE("LOCAÇÃO",$B$24),'Tabela Dados'!$F$3:$H$6,3,0)*(1-$D$24)) -> 0 | F42: 1 | G42: =ROUND(E42*D42*30,2) -> 0 | H42: =ROUND(G42*F42,2) -> 0
A43: =A42 -> 1.9 | B43: =B41 -> Piso Extra | C43: m² | D43: =H93*F93*G93 -> 0 | E43: =IF(D43=0,0,(IF($B$24="padrão",'Tabela de preços por Item'!$L$468*3,IF(Simulador!$B$24="mínimo",'Tabela de preços por Item'!$K$468*3,'Tabela de preços por Item'!$M$468*3))/30)*(1-$D$24)) -> 0 | F43: =F42 -> 1 | G43: =ROUND(E43*D43*30,2) -> 0 | H43: =ROUND(G43*F43,2) -> 0
A44: =A94 -> 1.10 | B44: =B94 -> 0 | C44: m³ | D44: =VLOOKUP(A44,$A$85:$J$116,10,FALSE) -> 0 | E44: =IF(D44=0,0,VLOOKUP(CONCATENATE("LOCAÇÃO",$B$24),'Tabela Dados'!$F$3:$H$6,3,0)*(1-$D$24)) -> 0 | F44: 1 | G44: =ROUND(E44*D44*30,2) -> 0 | H44: =ROUND(G44*F44,2) -> 0
A45: =A44 -> 1.10 | B45: =B43 -> Piso Extra | C45: m² | D45: =H94*F94*G94 -> 0 | E45: =IF(D45=0,0,(IF($B$24="padrão",'Tabela de preços por Item'!$L$468*3,IF(Simulador!$B$24="mínimo",'Tabela de preços por Item'!$K$468*3,'Tabela de preços por Item'!$M$468*3))/30)*(1-$D$24)) -> 0 | F45: =F44 -> 1 | G45: =ROUND(E45*D45*30,2) -> 0 | H45: =ROUND(G45*F45,2) -> 0
A46: 1.11 | B46: =B95 -> 0 | C46: m³ | D46: =VLOOKUP(A46,$A$85:$J$116,10,FALSE) -> 0 | E46: =IF(D46=0,0,VLOOKUP(CONCATENATE("LOCAÇÃO",$B$24),'Tabela Dados'!$F$3:$H$6,3,0)*(1-$D$24)) -> 0 | F46: 1 | G46: =ROUND(E46*D46*30,2) -> 0 | H46: =ROUND(G46*F46,2) -> 0
A47: 1.11 | B47: =B45 -> Piso Extra | C47: m² | D47: =H95*F95*G95 -> 0 | E47: =IF(D47=0,0,(IF($B$24="padrão",'Tabela de preços por Item'!$L$468*3,IF(Simulador!$B$24="mínimo",'Tabela de preços por Item'!$K$468*3,'Tabela de preços por Item'!$M$468*3))/30)*(1-$D$24)) -> 0 | F47: =F46 -> 1 | G47: =ROUND(E47*D47*30,2) -> 0 | H47: =ROUND(G47*F47,2) -> 0
A48: 1.12 | B48: =B96 -> 0 | C48: m³ | D48: =VLOOKUP(A48,$A$85:$J$116,10,FALSE) -> 0 | E48: =IF(D48=0,0,VLOOKUP(CONCATENATE("LOCAÇÃO",$B$24),'Tabela Dados'!$F$3:$H$6,3,0)*(1-$D$24)) -> 0 | F48: 1 | G48: =ROUND(E48*D48*30,2) -> 0 | H48: =ROUND(G48*F48,2) -> 0
A49: =A48 -> 1.12 | B49: =B47 -> Piso Extra | C49: m² | D49: =H96*F96*G96 -> 0 | E49: =IF(D49=0,0,(IF($B$24="padrão",'Tabela de preços por Item'!$L$468*3,IF(Simulador!$B$24="mínimo",'Tabela de preços por Item'!$K$468*3,'Tabela de preços por Item'!$M$468*3))/30)*(1-$D$24)) -> 0 | F49: =F48 -> 1 | G49: =ROUND(E49*D49*30,2) -> 0 | H49: =ROUND(G49*F49,2) -> 0
A50: 1.13 | B50: =B97 -> 0 | C50: m³ | D50: =VLOOKUP(A50,$A$85:$J$116,10,FALSE) -> 0 | E50: =IF(D50=0,0,VLOOKUP(CONCATENATE("LOCAÇÃO",$B$24),'Tabela Dados'!$F$3:$H$6,3,0)*(1-$D$24)) -> 0 | F50: 1 | G50: =ROUND(E50*D50*30,2) -> 0 | H50: =ROUND(G50*F50,2) -> 0
A51: =A50 -> 1.13 | B51: =B49 -> Piso Extra | C51: m² | D51: =H97*F97*G97 -> 0 | E51: =IF(D51=0,0,(IF($B$24="padrão",'Tabela de preços por Item'!$L$468*3,IF(Simulador!$B$24="mínimo",'Tabela de preços por Item'!$K$468*3,'Tabela de preços por Item'!$M$468*3))/30)*(1-$D$24)) -> 0 | F51: =F50 -> 1 | G51: =ROUND(E51*D51*30,2) -> 0 | H51: =ROUND(G51*F51,2) -> 0
A52: 1.14 | B52: =B98 -> 0 | C52: m³ | D52: =VLOOKUP(A52,$A$85:$J$116,10,FALSE) -> 0 | E52: =IF(D52=0,0,VLOOKUP(CONCATENATE("LOCAÇÃO",$B$24),'Tabela Dados'!$F$3:$H$6,3,0)*(1-$D$24)) -> 0 | F52: 1 | G52: =ROUND(E52*D52*30,2) -> 0 | H52: =ROUND(G52*F52,2) -> 0
A53: =A52 -> 1.14 | B53: =B51 -> Piso Extra | C53: m² | D53: =H98*F98*G98 -> 0 | E53: =IF(D53=0,0,(IF($B$24="padrão",'Tabela de preços por Item'!$L$468*3,IF(Simulador!$B$24="mínimo",'Tabela de preços por Item'!$K$468*3,'Tabela de preços por Item'!$M$468*3))/30)*(1-$D$24)) -> 0 | F53: =F52 -> 1 | G53: =ROUND(E53*D53*30,2) -> 0 | H53: =ROUND(G53*F53,2) -> 0
A54: 1.15 | B54: =B99 -> 0 | C54: m³ | D54: =VLOOKUP(A54,$A$85:$J$116,10,FALSE) -> 0 | E54: =IF(D54=0,0,VLOOKUP(CONCATENATE("LOCAÇÃO",$B$24),'Tabela Dados'!$F$3:$H$6,3,0)*(1-$D$24)) -> 0 | F54: 1 | G54: =ROUND(E54*D54*30,2) -> 0 | H54: =ROUND(G54*F54,2) -> 0
A55: =A54 -> 1.15 | B55: =B53 -> Piso Extra | C55: m² | D55: =H99*F99*G99 -> 0 | E55: =IF(D55=0,0,(IF($B$24="padrão",'Tabela de preços por Item'!$L$468*3,IF(Simulador!$B$24="mínimo",'Tabela de preços por Item'!$K$468*3,'Tabela de preços por Item'!$M$468*3))/30)*(1-$D$24)) -> 0 | F55: =F54 -> 1 | G55: =ROUND(E55*D55*30,2) -> 0 | H55: =ROUND(G55*F55,2) -> 0
A56: 1.16 | B56: =B100 -> 0 | C56: m³ | D56: =VLOOKUP(A56,$A$85:$J$116,10,FALSE) -> 0 | E56: =IF(D56=0,0,VLOOKUP(CONCATENATE("LOCAÇÃO",$B$24),'Tabela Dados'!$F$3:$H$6,3,0)*(1-$D$24)) -> 0 | F56: 1 | G56: =ROUND(E56*D56*30,2) -> 0 | H56: =ROUND(G56*F56,2) -> 0
A57: =A56 -> 1.16 | B57: =B55 -> Piso Extra | C57: m² | D57: =H100*F100*G100 -> 0 | E57: =IF(D57=0,0,(IF($B$24="padrão",'Tabela de preços por Item'!$L$468*3,IF(Simulador!$B$24="mínimo",'Tabela de preços por Item'!$K$468*3,'Tabela de preços por Item'!$M$468*3))/30)*(1-$D$24)) -> 0 | F57: =F56 -> 1 | G57: =ROUND(E57*D57*30,2) -> 0 | H57: =ROUND(G57*F57,2) -> 0
A58: 1.17 | B58: =B101 -> 0 | C58: m³ | D58: =VLOOKUP(A58,$A$85:$J$116,10,FALSE) -> 0 | E58: =IF(D58=0,0,VLOOKUP(CONCATENATE("LOCAÇÃO",$B$24),'Tabela Dados'!$F$3:$H$6,3,0)*(1-$D$24)) -> 0 | F58: 1 | G58: =ROUND(E58*D58*30,2) -> 0 | H58: =ROUND(G58*F58,2) -> 0
A59: =A58 -> 1.17 | B59: =B57 -> Piso Extra | C59: m² | D59: =H101*F101*G101 -> 0 | E59: =IF(D59=0,0,(IF($B$24="padrão",'Tabela de preços por Item'!$L$468*3,IF(Simulador!$B$24="mínimo",'Tabela de preços por Item'!$K$468*3,'Tabela de preços por Item'!$M$468*3))/30)*(1-$D$24)) -> 0 | F59: =F58 -> 1 | G59: =ROUND(E59*D59*30,2) -> 0 | H59: =ROUND(G59*F59,2) -> 0
A60: 1.18 | B60: =B102 -> 0 | C60: m³ | D60: =VLOOKUP(A60,$A$85:$J$116,10,FALSE) -> 0 | E60: =IF(D60=0,0,VLOOKUP(CONCATENATE("LOCAÇÃO",$B$24),'Tabela Dados'!$F$3:$H$6,3,0)*(1-$D$24)) -> 0 | F60: 1 | G60: =ROUND(E60*D60*30,2) -> 0 | H60: =ROUND(G60*F60,2) -> 0
A61: =A60 -> 1.18 | B61: =B59 -> Piso Extra | C61: m² | D61: =H102*F102*G102 -> 0 | E61: =IF(D61=0,0,(IF($B$24="padrão",'Tabela de preços por Item'!$L$468*3,IF(Simulador!$B$24="mínimo",'Tabela de preços por Item'!$K$468*3,'Tabela de preços por Item'!$M$468*3))/30)*(1-$D$24)) -> 0 | F61: =F60 -> 1 | G61: =ROUND(E61*D61*30,2) -> 0 | H61: =ROUND(G61*F61,2) -> 0
A62: 1.19 | B62: =B103 -> 0 | C62: m³ | D62: =VLOOKUP(A62,$A$85:$J$116,10,FALSE) -> 0 | E62: =IF(D62=0,0,VLOOKUP(CONCATENATE("LOCAÇÃO",$B$24),'Tabela Dados'!$F$3:$H$6,3,0)*(1-$D$24)) -> 0 | F62: 1 | G62: =ROUND(E62*D62*30,2) -> 0 | H62: =ROUND(G62*F62,2) -> 0
A63: =A62 -> 1.19 | B63: =B61 -> Piso Extra | C63: m² | D63: =H103*F103*G103 -> 0 | E63: =IF(D63=0,0,(IF($B$24="padrão",'Tabela de preços por Item'!$L$468*3,IF(Simulador!$B$24="mínimo",'Tabela de preços por Item'!$K$468*3,'Tabela de preços por Item'!$M$468*3))/30)*(1-$D$24)) -> 0 | F63: =F62 -> 1 | G63: =ROUND(E63*D63*30,2) -> 0 | H63: =ROUND(G63*F63,2) -> 0
A64: 1.20 | B64: =B104 -> 0 | C64: m³ | D64: =VLOOKUP(A64,$A$85:$J$116,10,FALSE) -> 0 | E64: =IF(D64=0,0,VLOOKUP(CONCATENATE("LOCAÇÃO",$B$24),'Tabela Dados'!$F$3:$H$6,3,0)*(1-$D$24)) -> 0 | F64: 1 | G64: =ROUND(E64*D64*30,2) -> 0 | H64: =ROUND(G64*F64,2) -> 0
A65: =A64 -> 1.20 | B65: =B63 -> Piso Extra | C65: m² | D65: =H104*F104*G104 -> 0 | E65: =IF(D65=0,0,(IF($B$24="padrão",'Tabela de preços por Item'!$L$468*3,IF(Simulador!$B$24="mínimo",'Tabela de preços por Item'!$K$468*3,'Tabela de preços por Item'!$M$468*3))/30)*(1-$D$24)) -> 0 | F65: =F64 -> 1 | G65: =ROUND(E65*D65*30,2) -> 0 | H65: =ROUND(G65*F65,2) -> 0
A66: 1.21 | B66: =B105 -> 0 | C66: m³ | D66: =VLOOKUP(A66,$A$85:$J$116,10,FALSE) -> 0 | E66: =IF(D66=0,0,VLOOKUP(CONCATENATE("LOCAÇÃO",$B$24),'Tabela Dados'!$F$3:$H$6,3,0)*(1-$D$24)) -> 0 | F66: 1 | G66: =ROUND(E66*D66*30,2) -> 0 | H66: =ROUND(G66*F66,2) -> 0
A67: =A66 -> 1.21 | B67: =B65 -> Piso Extra | C67: m² | D67: =H105*F105*G105 -> 0 | E67: =IF(D67=0,0,(IF($B$24="padrão",'Tabela de preços por Item'!$L$468*3,IF(Simulador!$B$24="mínimo",'Tabela de preços por Item'!$K$468*3,'Tabela de preços por Item'!$M$468*3))/30)*(1-$D$24)) -> 0 | F67: =F66 -> 1 | G67: =ROUND(E67*D67*30,2) -> 0 | H67: =ROUND(G67*F67,2) -> 0
A68: 1.22 | B68: =B106 -> 0 | C68: m³ | D68: =VLOOKUP(A68,$A$85:$J$116,10,FALSE) -> 0 | E68: =IF(D68=0,0,VLOOKUP(CONCATENATE("LOCAÇÃO",$B$24),'Tabela Dados'!$F$3:$H$6,3,0)*(1-$D$24)) -> 0 | F68: 1 | G68: =ROUND(E68*D68*30,2) -> 0 | H68: =ROUND(G68*F68,2) -> 0
A69: =A68 -> 1.22 | B69: =B67 -> Piso Extra | C69: m² | D69: =H106*F106*G106 -> 0 | E69: =IF(D69=0,0,(IF($B$24="padrão",'Tabela de preços por Item'!$L$468*3,IF(Simulador!$B$24="mínimo",'Tabela de preços por Item'!$K$468*3,'Tabela de preços por Item'!$M$468*3))/30)*(1-$D$24)) -> 0 | F69: =F68 -> 1 | G69: =ROUND(E69*D69*30,2) -> 0 | H69: =ROUND(G69*F69,2) -> 0
A70: 2.1 | B70: =CONCATENATE(B107," - ",C108) -> Tanque Original - Torre Externa | C70: m³ | D70: =J108 -> 0 | E70: =IF(D70=0,0,VLOOKUP(CONCATENATE("LOCAÇÃO",$B$24),'Tabela Dados'!$F$3:$H$6,3,0)*(1-$D$24)) -> 0 | F70: 1 | G70: =ROUND(E70*D70*30,2) -> 0 | H70: =ROUND(G70*F70,2) -> 0
A71: =A70 -> 2.1 | B71: =B65 -> Piso Extra | C71: m² | D71: =IF(D70=0,0,F108*G108*H108*D108) -> 0 | E71: =IF(D71=0,0,(IF($B$24="padrão",'Tabela de preços por Item'!$L$468*3,IF(Simulador!$B$24="mínimo",'Tabela de preços por Item'!$K$468*3,'Tabela de preços por Item'!$M$468*3))/30)*(1-$D$24)) -> 0 | F71: =F70 -> 1 | G71: =ROUND(E71*D71*30,2) -> 0 | H71: =ROUND(G71*F71,2) -> 0
A72: 2.2 | B72: =CONCATENATE(B109," - ",C110) -> Tanque Original - Torre Externa | C72: m³ | D72: =J110 -> 0 | E72: =IF(D72=0,0,VLOOKUP(CONCATENATE("LOCAÇÃO",$B$24),'Tabela Dados'!$F$3:$H$6,3,0)*(1-$D$24)) -> 0 | F72: 1 | G72: =ROUND(E72*D72*30,2) -> 0 | H72: =ROUND(G72*F72,2) -> 0
A73: =A72 -> 2.2 | B73: =B71 -> Piso Extra | C73: m² | D73: =IF(D72=0,0,F110*G110*H110*D110) -> 0 | E73: =IF(D73=0,0,(IF($B$24="padrão",'Tabela de preços por Item'!$L$468*3,IF(Simulador!$B$24="mínimo",'Tabela de preços por Item'!$K$468*3,'Tabela de preços por Item'!$M$468*3))/30)*(1-$D$24)) -> 0 | F73: =F72 -> 1 | G73: =ROUND(E73*D73*30,2) -> 0 | H73: =ROUND(G73*F73,2) -> 0
A74: 2.3 | B74: =CONCATENATE(B111," - ",C112) -> Tanque Original - Torre Externa | C74: m³ | D74: =J112 -> 0 | E74: =IF(D74=0,0,VLOOKUP(CONCATENATE("LOCAÇÃO",$B$24),'Tabela Dados'!$F$3:$H$6,3,0)*(1-$D$24)) -> 0 | F74: 1 | G74: =ROUND(E74*D74*30,2) -> 0 | H74: =ROUND(G74*F74,2) -> 0
A75: =A74 -> 2.3 | B75: =B73 -> Piso Extra | C75: m² | D75: =IF(D74=0,0,F112*G112*H112*D112) -> 0 | E75: =IF(D75=0,0,(IF($B$24="padrão",'Tabela de preços por Item'!$L$468*3,IF(Simulador!$B$24="mínimo",'Tabela de preços por Item'!$K$468*3,'Tabela de preços por Item'!$M$468*3))/30)*(1-$D$24)) -> 0 | F75: =F74 -> 1 | G75: =ROUND(E75*D75*30,2) -> 0 | H75: =ROUND(G75*F75,2) -> 0
A76: 2.4 | B76: =CONCATENATE(B113," - ",C114) -> Tanque Original - Torre Externa | C76: m³ | D76: =J114 -> 0 | E76: =IF(D76=0,0,VLOOKUP(CONCATENATE("LOCAÇÃO",$B$24),'Tabela Dados'!$F$3:$H$6,3,0)*(1-$D$24)) -> 0 | F76: 1 | G76: =ROUND(E76*D76*30,2) -> 0 | H76: =ROUND(G76*F76,2) -> 0
A77: =A76 -> 2.4 | B77: =B75 -> Piso Extra | C77: m² | D77: =IF(D76=0,0,F114*G114*H114*D114) -> 0 | E77: =IF(D77=0,0,(IF($B$24="padrão",'Tabela de preços por Item'!$L$468*3,IF(Simulador!$B$24="mínimo",'Tabela de preços por Item'!$K$468*3,'Tabela de preços por Item'!$M$468*3))/30)*(1-$D$24)) -> 0 | F77: =F76 -> 1 | G77: =ROUND(E77*D77*30,2) -> 0 | H77: =ROUND(G77*F77,2) -> 0
A78: 2.5 | B78: =CONCATENATE(B115," - ",C116) -> Tanque Original - Torre Externa | C78: m³ | D78: =J116 -> 0 | E78: =IF(D78=0,0,VLOOKUP(CONCATENATE("LOCAÇÃO",$B$24),'Tabela Dados'!$F$3:$H$6,3,0)*(1-$D$24)) -> 0 | F78: 1 | G78: =ROUND(E78*D78*30,2) -> 0 | H78: =ROUND(G78*F78,2) -> 0
A79: =A78 -> 2.5 | B79: =B77 -> Piso Extra | C79: m² | D79: =IF(D78=0,0,F116*G116*H116*D116) -> 0 | E79: =IF(D79=0,0,(IF($B$24="padrão",'Tabela de preços por Item'!$L$468*3,IF(Simulador!$B$24="mínimo",'Tabela de preços por Item'!$K$468*3,'Tabela de preços por Item'!$M$468*3))/30)*(1-$D$24)) -> 0 | F79: =F78 -> 1 | G79: =ROUND(E79*D79*30,2) -> 0 | H79: =ROUND(G79*F79,2) -> 0
A80: Total: | D80: =SUM(D26:D79) -> 14251.429 | E80: =SUM(E26:E79) -> 1.0308375 | G80: =SUM(G26:G79) -> 442463.73 | H80: =SUM(H26:H79) -> 442463.73
D82: =G85*2 -> 174 | E82: =G86*2*D86 -> 0 | H82: =2*PI()*G108 -> 1.8849556
A83: LISTA DE ANDAIMES
A84: ITEM | B84: DESCRIÇÃO | C84: TIPO | D84: QTD | E84: ALTURA | F84: LARGURA | G84: COMPRIMENTO (Raio) | H84: PISO EXTRA | I84: PATAMARES | J84: m³ TOTAL | K84: ML Tubo | L84: ML Poste | M84: M²
A85: 1.1 | B85: Passarela Maior | C85: Padrão | D85: 2 | E85: 10 | F85: 8 | G85: 87 | H85: 0 | I85: =IF(D85=0,0,IF(E85<9,0,ROUNDDOWN(E85/9,0))) -> 1 | J85: =IF(OR(D85=0,D85=""),0,IF(OR(G85/F85<0.34,F85<G85<0.34),(((D85*E85*F85*G85)*1.2)+((F85/0.3)*G85*I85)/7)+(((F85/3)*G85*H85)/7),((D85*E85*F85*G85))+((F85/0.3)*G85*I85)/7)+(((F85/3)*G85*H85)/7)) -> 14251.429 | K85: =((F85*D85)+(G85*D85))*2 -> 380 | L85: =E85*D85*4 -> 80 | M85: =F85*G85*H85*D85+F85*G85*D85 -> 1392 | O85: 486
A86: 1.2 | C86: Padrão | I86: =IF(D86=0,0,IF(E86<9,0,ROUNDDOWN(E86/9,0))) -> 0 | J86: =IF(OR(D86=0,D86=""),0,IF(OR(G86/F86<0.34,F86<G86<0.34),(((D86*E86*F86*G86)*1.2)+((F86/0.3)*G86*I86)/7)+(((F86/3)*G86*H86)/7),((D86*E86*F86*G86))+((F86/0.3)*G86*I86)/7)+(((F86/3)*G86*H86)/7)) -> 0 | K86: =((F86*D86)+(G86*D86))*2 -> 0 | L86: =E86*D86*4 -> 0 | M86: =F86*G86*H86*D86+F86*G86*D86 -> 0 | O86: 324
A87: 1.3 | C87: Padrão | I87: =IF(D87=0,0,IF(E87<9,0,ROUNDDOWN(E87/9,0))) -> 0 | J87: =IF(OR(D87=0,D87=""),0,IF(OR(G87/F87<0.34,F87<G87<0.34),(((D87*E87*F87*G87)*1.2)+((F87/0.3)*G87*I87)/7)+(((F87/3)*G87*H87)/7),((D87*E87*F87*G87))+((F87/0.3)*G87*I87)/7)+(((F87/3)*G87*H87)/7)) -> 0 | K87: =((F87*D87)+(G87*D87))*2 -> 0 | L87: =E87*D87*4 -> 0 | M87: =F87*G87*H87*D87+F87*G87*D87 -> 0 | O87: 3024
A88: 1.4 | C88: Em Balanço | I88: =IF(D88=0,0,IF(E88<9,0,ROUNDDOWN(E88/9,0))) -> 0 | J88: =IF(OR(D88=0,D88=""),0,IF(OR(G88/F88<0.34,F88<G88<0.34),(((D88*E88*F88*G88)*1.2)+((F88/0.3)*G88*I88)/7)+(((F88/3)*G88*H88)/7),((D88*E88*F88*G88))+((F88/0.3)*G88*I88)/7)+(((F88/3)*G88*H88)/7)) -> 0 | K88: =((F88*D88)+(G88*D88))*2 -> 0 | L88: =E88*D88*4 -> 0 | M88: =F88*G88*H88*D88+F88*G88*D88 -> 0 | O88: 5197.5
A89: 1.5 | C89: Padrão | I89: =IF(D89=0,0,IF(E89<9,0,ROUNDDOWN(E89/9,0))) -> 0 | J89: =IF(OR(D89=0,D89=""),0,IF(OR(G89/F89<0.34,F89<G89<0.34),(((D89*E89*F89*G89)*1.2)+((F89/0.3)*G89*I89)/7)+(((F89/3)*G89*H89)/7),((D89*E89*F89*G89))+((F89/0.3)*G89*I89)/7)+(((F89/3)*G89*H89)/7)) -> 0 | K89: =((F89*D89)+(G89*D89))*2 -> 0 | L89: =E89*D89*4 -> 0 | M89: =F89*G89*H89*D89+F89*G89*D89 -> 0 | O89: 5197.5
A90: 1.6 | C90: Padrão | I90: =IF(D90=0,0,IF(E90<9,0,ROUNDDOWN(E90/9,0))) -> 0 | J90: =IF(OR(D90=0,D90=""),0,IF(OR(G90/F90<0.34,F90<G90<0.34),(((D90*E90*F90*G90)*1.2)+((F90/0.3)*G90*I90)/7)+(((F90/3)*G90*H90)/7),((D90*E90*F90*G90))+((F90/0.3)*G90*I90)/7)+(((F90/3)*G90*H90)/7)) -> 0 | K90: =((F90*D90)+(G90*D90))*2 -> 0 | L90: =E90*D90*4 -> 0 | M90: =F90*G90*H90*D90+F90*G90*D90 -> 0 | O90: =SUM(O85:O89) -> 14229
A91: 1.7 | C91: Padrão | I91: =IF(D91=0,0,IF(E91<9,0,ROUNDDOWN(E91/9,0))) -> 0 | J91: =IF(OR(D91=0,D91=""),0,IF(OR(G91/F91<0.34,F91<G91<0.34),(((D91*E91*F91*G91)*1.2)+((F91/0.3)*G91*I91)/7)+(((F91/3)*G91*H91)/7),((D91*E91*F91*G91))+((F91/0.3)*G91*I91)/7)+(((F91/3)*G91*H91)/7)) -> 0 | K91: =((F91*D91)+(G91*D91))*2 -> 0 | L91: =E91*D91*4 -> 0 | M91: =F91*G91*H91*D91+F91*G91*D91 -> 0
A92: 1.8 | C92: Padrão | I92: =IF(D92=0,0,IF(E92<9,0,ROUNDDOWN(E92/9,0))) -> 0 | J92: =IF(OR(D92=0,D92=""),0,IF(OR(G92/F92<0.34,F92<G92<0.34),(((D92*E92*F92*G92)*1.2)+((F92/0.3)*G92*I92)/7)+(((F92/3)*G92*H92)/7),((D92*E92*F92*G92))+((F92/0.3)*G92*I92)/7)+(((F92/3)*G92*H92)/7)) -> 0 | K92: =((F92*D92)+(G92*D92))*2 -> 0 | L92: =E92*D92*4 -> 0 | M92: =F92*G92*H92*D92+F92*G92*D92 -> 0
A93: 1.9 | C93: Padrão | I93: =IF(D93=0,0,IF(E93<9,0,ROUNDDOWN(E93/9,0))) -> 0 | J93: =IF(OR(D93=0,D93=""),0,IF(OR(G93/F93<0.34,F93<G93<0.34),(((D93*E93*F93*G93)*1.2)+((F93/0.3)*G93*I93)/7)+(((F93/3)*G93*H93)/7),((D93*E93*F93*G93))+((F93/0.3)*G93*I93)/7)+(((F93/3)*G93*H93)/7)) -> 0 | K93: =((F93*D93)+(G93*D93))*2 -> 0 | L93: =E93*D93*4 -> 0 | M93: =F93*G93*H93*D93+F93*G93*D93 -> 0
A94: 1.10 | C94: Padrão | I94: =IF(D94=0,0,IF(E94<9,0,ROUNDDOWN(E94/9,0))) -> 0 | J94: =IF(OR(D94=0,D94=""),0,IF(OR(G94/F94<0.34,F94<G94<0.34),(((D94*E94*F94*G94)*1.2)+((F94/0.3)*G94*I94)/7)+(((F94/3)*G94*H94)/7),((D94*E94*F94*G94))+((F94/0.3)*G94*I94)/7)+(((F94/3)*G94*H94)/7)) -> 0 | K94: =((F94*D94)+(G94*D94))*2 -> 0 | L94: =E94*D94*4 -> 0 | M94: =F94*G94*H94*D94+F94*G94*D94 -> 0
A95: 1.11 | C95: Padrão | I95: =IF(D95=0,0,IF(E95<9,0,ROUNDDOWN(E95/9,0))) -> 0 | J95: =IF(OR(D95=0,D95=""),0,IF(OR(G95/F95<0.34,F95<G95<0.34),(((D95*E95*F95*G95)*1.2)+((F95/0.3)*G95*I95)/7)+(((F95/3)*G95*H95)/7),((D95*E95*F95*G95))+((F95/0.3)*G95*I95)/7)+(((F95/3)*G95*H95)/7)) -> 0 | K95: =((F95*D95)+(G95*D95))*2 -> 0 | L95: =E95*D95*4 -> 0 | M95: =F95*G95*H95*D95+F95*G95*D95 -> 0
A96: 1.12 | C96: Padrão | I96: =IF(D96=0,0,IF(E96<9,0,ROUNDDOWN(E96/9,0))) -> 0 | J96: =IF(OR(D96=0,D96=""),0,IF(OR(G96/F96<0.34,F96<G96<0.34),(((D96*E96*F96*G96)*1.2)+((F96/0.3)*G96*I96)/7)+(((F96/3)*G96*H96)/7),((D96*E96*F96*G96))+((F96/0.3)*G96*I96)/7)+(((F96/3)*G96*H96)/7)) -> 0 | K96: =((F96*D96)+(G96*D96))*2 -> 0 | L96: =E96*D96*4 -> 0 | M96: =F96*G96*H96*D96+F96*G96*D96 -> 0
A97: 1.13 | C97: Padrão | I97: =IF(D97=0,0,IF(E97<9,0,ROUNDDOWN(E97/9,0))) -> 0 | J97: =IF(OR(D97=0,D97=""),0,IF(OR(G97/F97<0.34,F97<G97<0.34),(((D97*E97*F97*G97)*1.2)+((F97/0.3)*G97*I97)/7)+(((F97/3)*G97*H97)/7),((D97*E97*F97*G97))+((F97/0.3)*G97*I97)/7)+(((F97/3)*G97*H97)/7)) -> 0 | K97: =((F97*D97)+(G97*D97))*2 -> 0 | L97: =E97*D97*4 -> 0 | M97: =F97*G97*H97*D97+F97*G97*D97 -> 0
A98: 1.14 | C98: Padrão | I98: =IF(D98=0,0,IF(E98<9,0,ROUNDDOWN(E98/9,0))) -> 0 | J98: =IF(OR(D98=0,D98=""),0,IF(OR(G98/F98<0.34,F98<G98<0.34),(((D98*E98*F98*G98)*1.2)+((F98/0.3)*G98*I98)/7)+(((F98/3)*G98*H98)/7),((D98*E98*F98*G98))+((F98/0.3)*G98*I98)/7)+(((F98/3)*G98*H98)/7)) -> 0 | K98: =((F98*D98)+(G98*D98))*2 -> 0 | L98: =E98*D98*4 -> 0 | M98: =F98*G98*H98*D98+F98*G98*D98 -> 0
A99: 1.15 | C99: Padrão | I99: =IF(D99=0,0,IF(E99<9,0,ROUNDDOWN(E99/9,0))) -> 0 | J99: =IF(OR(D99=0,D99=""),0,IF(OR(G99/F99<0.34,F99<G99<0.34),(((D99*E99*F99*G99)*1.2)+((F99/0.3)*G99*I99)/7)+(((F99/3)*G99*H99)/7),((D99*E99*F99*G99))+((F99/0.3)*G99*I99)/7)+(((F99/3)*G99*H99)/7)) -> 0 | K99: =((F99*D99)+(G99*D99))*2 -> 0 | L99: =E99*D99*4 -> 0 | M99: =F99*G99*H99*D99+F99*G99*D99 -> 0
A100: 1.16 | C100: Padrão | I100: =IF(D100=0,0,IF(E100<9,0,ROUNDDOWN(E100/9,0))) -> 0 | J100: =IF(OR(D100=0,D100=""),0,IF(OR(G100/F100<0.34,F100<G100<0.34),(((D100*E100*F100*G100)*1.2)+((F100/0.3)*G100*I100)/7)+(((F100/3)*G100*H100)/7),((D100*E100*F100*G100))+((F100/0.3)*G100*I100)/7)+(((F100/3)*G100*H100)/7)) -> 0 | K100: =((F100*D100)+(G100*D100))*2 -> 0 | L100: =E100*D100*4 -> 0 | M100: =F100*G100*H100*D100+F100*G100*D100 -> 0
A101: 1.17 | C101: Padrão | I101: =IF(D101=0,0,IF(E101<9,0,ROUNDDOWN(E101/9,0))) -> 0 | J101: =IF(OR(D101=0,D101=""),0,IF(OR(G101/F101<0.34,F101<G101<0.34),(((D101*E101*F101*G101)*1.2)+((F101/0.3)*G101*I101)/7)+(((F101/3)*G101*H101)/7),((D101*E101*F101*G101))+((F101/0.3)*G101*I101)/7)+(((F101/3)*G101*H101)/7)) -> 0 | K101: =((F101*D101)+(G101*D101))*2 -> 0 | L101: =E101*D101*4 -> 0 | M101: =F101*G101*H101*D101+F101*G101*D101 -> 0
...

Sheet Planilha2
A1: Item | B1: Descrição | C1: Unid. | D1: Valor Unitário | F1: Item | G1: Descrição | H1: Unid | I1: VALOR UNITÁRIO DE INDENIZAÇÃO | K1: VALOR UNITÁRIO DE INDENIZAÇÃO | L1: Fator
A2: 1 | B2: Abraçadeira fixa | C2: PÇ | D2: 57 | F2: 1 | G2: ABRAÇADEIRA P/48,30 FIXA | H2: UN | I2: 64.98 | K2: =L2*$D$31 -> 70 | L2: 0.5
A3: 2 | B3: Abraçadeira giratória | C3: PÇ | D3: 57 | F3: =F2+1 -> 2 | G3: ABRAÇADEIRA P/48,30 GIRATÓRIA | H3: UN | I3: 64.98 | K3: =L3*$D$31 -> 105 | L3: 0.75
A4: 3 | B4: Abraçadeira de perfil | C4: PÇ | D4: 57 | F4: =F3+1 -> 3 | G4: ANTI-RACHA PARA PRANCHÃO DE MADEIRA | H4: UN | I4: 3.99 | K4: =L4*$D$31 -> 140 | L4: 1
A5: 4 | B5: Luva de união acoplamento | C5: PÇ | D5: 48 | F5: =F4+1 -> 4 | G5: ARCO ABERTO (ESCADA MARINHEIRO) | H5: UN | I5: 188.1 | K5: =L5*$D$31 -> 175 | L5: 1.25
A6: 5 | B6: Anti-racha para pranchão | C6: PÇ | D6: 3.5 | F6: =F5+1 -> 5 | G6: ARCO ABERTO (TUBO) | H6: UN | I6: 119.7 | K6: =L6*$D$31 -> 210 | L6: 1.5
A7: 6 | B7: Placa de base fixa | C7: PÇ | D7: 52 | F7: =F6+1 -> 6 | G7: ARCO FECHADO (COM DEGRAU) | H7: UN | I7: 188.1 | K7: =L7*$D$31 -> 245 | L7: 1.75
A8: 7 | B8: Placa de base regulável | C8: PÇ | D8: 105 | F8: =F7+1 -> 7 | G8: BASE FIXA | H8: UN | I8: 59.28 | K8: =L8*$D$31 -> 280 | L8: 2
A9: 8 | B9: Cunha para travessa | C9: PÇ | D9: 13 | F9: =F8+1 -> 8 | G9: BASE REGULÁVEL | H9: UN | I9: 119.7 | K9: =L9*$D$31 -> 315 | L9: 2.25
A10: 9 | B10: Degrau simples para escada (bastão) | C10: PÇ | D10: 105 | F10: =F9+1 -> 9 | G10: BASTÃO | H10: PC | I10: 119.7 | K10: =L10*$D$31 -> 350 | L10: 2.5
A11: 10 | B11: Degrau com guarda corpo para escada (arco fechado) | C11: PÇ | D11: 165 | F11: =F10+1 -> 10 | G11: CABEÇA DE PROTEÇÃO (PRANCHÃO PRFV) | H11: UN | I11: 6 | K11: =L11*$D$31 -> 385 | L11: 2.75
A12: 11 | B12: Guarda corpo simples para escada (arco aberto) | C12: PÇ | D12: 105 | F12: =F11+1 -> 11 | G12: CHAVE DE CATRACA 7/8 REPEÇAS | H12: UN | I12: 444.6 | K12: =L12*$D$31 -> 420 | L12: 3
A13: 12 | B13: Degrau duplo para escada | C13: PÇ | D13: 280 | F13: =F12+1 -> 12 | G13: CORTE PARA REAPROVEITAMENTO | H13: UN | I13: 15.504 | K13: =L13*$D$31 -> 455 | L13: 3.25
A14: 13 | B14: Encaixe Multiapoio (Poste/Travessa/Diagonal/Quebra Vão) | C14: M | D14: 340 | F14: =F13+1 -> 13 | G14: CUNHA PARA TRAVESSA | H14: UN | I14: 14.82 | K14: =L14*$D$31 -> 490 | L14: 3.5
... A24: 23 | B24: Porca para escada | C24: UN | D24: 4 | F24: =F23+1 -> 23 | G24: LUVA DE ACOPLAMENTO UNIÃO | H24: UN | I24: 54.72 | K24: =L24*$D$31 -> 840 | L24: 6
A25: 24 | B25: Rodapé de madeira | C25: M | D25: 28 | F25: =F24+1 -> 24 | G25: PARAFUSO PARA ABRAÇADEIRA E LUVA | H25: UN | I25: 9.12 | K25: =$D$14*L25 -> 85 | L25: 0.25
A26: 25 | B26: Rodapé PRFV | C26: M | D26: 100 | F26: =F25+1 -> 25 | G26: POSTE 0250 | H26: ML | I26: 96.9 | K26: =$D$14*L26 -> 170 | L26: 0.5
A27: 26 | B27: Rodízio de poliuretano | C27: PÇ | D27: 360 | F27: =F26+1 -> 26 | G27: POSTE 0500 C ESPIGA | H27: ML | I27: 193.8 | K27: =$D$14*L27 -> 170 | L27: 0.5
A28: 27 | B28: Suporte para escada | C28: PÇ | D28: 510 | F28: =F27+1 -> 27 | G28: POSTE 0500 S ESPIGA | H28: ML | I28: 193.8 | K28: =$D$14*L28 -> 340 | L28: 1
A29: 28 | B29: Corte (reaproveitamento de pranchões de madeira) | C29: UN | D29: 13.6 | F29: =F28+1 -> 28 | G29: POSTE 1000 | H29: ML | I29: 387.6 | K29: =$D$14*L29 -> 510 | L29: 1.5
A30: 29 | B30: Chave de catraca 7/8 Repeças | C30: PÇ | D30: 390 | F30: =F29+1 -> 29 | G30: POSTE 1500 | H30: ML | I30: 581.4 | K30: =$D$14*L30 -> 680 | L30: 2
A31: 30 | B31: Tubo galvanizado de 48.3 x 3 mm | C31: M | D31: 140 | F31: =F30+1 -> 30 | G31: POSTE 2000 | H31: ML | I31: 775.2 | K31: =$D$14*L31 -> 850 | L31: 2.5
A32: 31 | B32: Proteção de Abraçadeira | C32: PÇ | D32: 35 | F32: =F31+1 -> 31 | G32: POSTE 2500 | H32: ML | I32: 969 | K32: =$D$14*L32 -> 1020 | L32: 3
F33: =F32+1 -> 32 | G33: POSTE 3000 | H33: ML | I33: 1162.8 | K33: =$D$14*L33 -> 272 | L33: 0.8
F34: =F33+1 -> 33 | G34: PRANCHÃO MADEIRA 300 X 1000 | H34: ML | I34: 79.8 | K34: =$D$14*L34 -> 340 | L34: 1
F35: =F34+1 -> 34 | G35: PRANCHÃO MADEIRA 300 X 1500 | H35: ML | I35: 119.7 | K35: =$D$14*L35 -> 408 | L35: 1.2
F36: =F35+1 -> 35 | G36: PRANCHÃO MADEIRA 300 X 2000 | H36: ML | I36: 159.6 | K36: =$D$14*L36 -> 578 | L36: 1.7
F37: =F36+1 -> 36 | G37: PRANCHÃO MADEIRA 300 X 2500 | H37: ML | I37: 199.5 | K37: =$D$14*L37 -> 748 | L37: 2.2
F38: =F37+1 -> 37 | G38: PRANCHÃO MADEIRA 300 X 3000 | H38: ML | I38: 239.4 | K38: =$D$14*L38 -> 816 | L38: 2.4
F39: =F38+1 -> 38 | G39: PRANCHÃO PRFV 300 X 1000 | H39: ML | I39: 389.88 | K39: =$D$14*L39 -> 850 | L39: 2.5
F40: =F39+1 -> 39 | G40: PRANCHÃO PRFV 300 X 1500 | H40: ML | I40: 584.82 | K40: =$D$14*L40 -> 272 | L40: 0.8
F41: =F40+1 -> 40 | G41: PRANCHÃO PRFV 300 X 2000 | H41: ML | I41: 779.76 | K41: =$D$14*L41 -> 340 | L41: 1
F42: =F41+1 -> 41 | G42: PRANCHÃO PRFV 300 X 2500 | H42: ML | I42: 974.7 | K42: =$D$14*L42 -> 408 | L42: 1.2
F43: =F42+1 -> 42 | G43: PRANCHÃO PRFV 300 X 3000 | H43: ML | I43: 1169.64 | K43: =$D$14*L43 -> 578 | L43: 1.7
F44: =F43+1 -> 43 | G44: PROTEÇÃO DE ABRAÇADEIRA | H44: UN | I44: 36.12 | K44: =$D$14*L44 -> 748 | L44: 2.2
... F50: =F49+1 -> 49 | G50: QUEBRA VÃO 2400 | H50: ML | I50: 930.24 | K50: =$D$14*L50 -> 1047.2 | L50: 3.08
F51: =F50+1 -> 50 | G51: QUEBRA VÃO 2500 | H51: ML | I51: 969 | K51: =$D$2 -> 57 | L51: 1
F52: =F51+1 -> 51 | G52: RODAPÉ MADEIRA | H52: ML | I52: 31.92 | K52: =$D$2 -> 57 | L52: 1
F53: =F52+1 -> 52 | G53: RODAPÉ PRFV | H53: ML | I53: 114 | K53: =D12 -> 105 | L53: 1
F54: =F53+1 -> 53 | G54: RODÍZIO PARA ANDAIME | H54: UN | I54: 410.4 | K54: =D11 -> 165 | L54: 1
F55: =F54+1 -> 54 | G55: TRAVESSA 0800 | H55: ML | I55: 310.08 | K55: =D17 -> 165 | L55: 1
F56: =F55+1 -> 55 | G56: TRAVESSA 1000 | H56: ML | I56: 387.6 | K56: =D5 -> 48 | L56: 1
F57: =F56+1 -> 56 | G57: TRAVESSA 1200 | H57: ML | I57: 465.12 | K57: =D7 -> 52 | L57: 1
F58: =F57+1 -> 57 | G58: TRAVESSA 1700 | H58: ML | I58: 658.92 | K58: =D8 -> 105 | L58: 1
F59: =F58+1 -> 58 | G59: TRAVESSA 2200 | H59: ML | I59: 852.72 | K59: =D15 -> 260 | L59: 1
F60: =F59+1 -> 59 | G60: TRAVESSA 2400 | H60: ML | I60: 930.24 | K60: =D16 -> 380 | L60: 1
F61: =F60+1 -> 60 | G61: TRAVESSA 2500 | H61: ML | I61: 969 | K61: =D10 -> 105 | L61: 0.5
F62: =F61+1 -> 61 | G62: TUBO 48,30 X 3,00 X 0250 | H62: ML | I62: 39.9 | L62: 1
F63: =F62+1 -> 62 | G63: TUBO 48,30 X 3,00 X 0500 | H63: ML | I63: 79.8 | K63: =K61*2 -> 210 | L63: 1
F64: =F63+1 -> 63 | G64: TUBO 48,30 X 3,00 X 0750 | H64: ML | I64: 119.7 | K64: =K61 -> 105 | L64: 1
F65: =F64+1 -> 64 | G65: TUBO 48,30 X 3,00 X 1000 | H65: ML | I65: 159.6 | K65: =D27 -> 360 | L65: 1
F66: =F65+1 -> 65 | G66: TUBO 48,30 X 3,00 X 1250 | H66: ML | I66: 199.5 | K66: =70*L66 -> 70 | L66: 1
F67: =F66+1 -> 66 | G67: TUBO 48,30 X 3,00 X 1500 | H67: ML | I67: 239.4 | K67: =70*L67 -> 105 | L67: 1.5
F68: =F67+1 -> 67 | G68: TUBO 48,30 X 3,00 X 1750 | H68: ML | I68: 279.3 | K68: =70*L68 -> 140 | L68: 2
F69: =F68+1 -> 68 | G69: TUBO 48,30 X 3,00 X 2000 | H69: ML | I69: 319.2 | K69: =70*L69 -> 175 | L69: 2.5
F70: =F69+1 -> 69 | G70: TUBO 48,30 X 3,00 X 2250 | H70: ML | I70: 359.1 | K70: =70*L70 -> 210 | L70: 3
F71: =F70+1 -> 70 | G71: TUBO 48,30 X 3,00 X 2500 | H71: ML | I71: 399 | K71: =D25 -> 28 | L71: 3
F72: =F71+1 -> 71 | G72: TUBO 48,30 X 3,00 X 2750 | H72: ML | I72: 438.9 | K72: =1.9*180*L72 -> 342 | L72: 1
F73: =F72+1 -> 72 | G73: TUBO 48,30 X 3,00 X 3000 | H73: ML | I73: 478.8 | K73: =1.9*180*L73 -> 513 | L73: 1.5
F74: =F73+1 -> 73 | G74: TUBO 48,30 X 3,00 X 3250 | H74: ML | I74: 518.7 | K74: =1.9*180*L74 -> 684 | L74: 2
F75: =F74+1 -> 74 | G75: TUBO 48,30 X 3,00 X 3500 | H75: ML | I75: 558.6 | K75: =1.9*180*L75 -> 855 | L75: 2.5
F76: =F75+1 -> 75 | G76: TUBO 48,30 X 3,00 X 3750 | H76: ML | I76: 598.5 | K76: =1.9*180*L76 -> 1026 | L76: 3
F77: =F76+1 -> 76 | G77: TUBO 48,30 X 3,00 X 4000 | H77: ML | I77: 638.4 | K77: =$D$26*L77 -> 80 | L77: 0.8
F78: =F77+1 -> 77 | G78: TUBO 48,30 X 3,00 X 4250 | H78: ML | I78: 678.3 | K78: =$D$26*L78 -> 100 | L78: 1
F79: =F78+1 -> 78 | G79: TUBO 48,30 X 3,00 X 4500 | H79: ML | I79: 718.2 | K79: =$D$26*L79 -> 120 | L79: 1.2
F80: =F79+1 -> 79 | G80: TUBO 48,30 X 3,00 X 4750 | H80: ML | I80: 758.1 | K80: =$D$26*L80 -> 130 | L80: 1.3
F81: =F80+1 -> 80 | G81: TUBO 48,30 X 3,00 X 5000 | H81: ML | I81: 798 | K81: =$D$26*L81 -> 150 | L81: 1.5
F82: =F81+1 -> 81 | G82: TUBO 48,30 X 3,00 X 5250 | H82: ML | I82: 837.9 | K82: =$D$26*L82 -> 170 | L82: 1.7
F83: =F82+1 -> 82 | G83: TUBO 48,30 X 3,00 X 5500 | H83: ML | I83: 877.8 | K83: =$D$26*L83 -> 180 | L83: 1.8
F84: =F83+1 -> 83 | G84: TUBO 48,30 X 3,00 X 5750 | H84: ML | I84: 917.7 | K84: =$D$26*L84 -> 200 | L84: 2
F85: =F84+1 -> 84 | G85: TUBO 48,30 X 3,00 X 6000 | H85: ML | I85: 957.6 | K85: =$D$26*L85 -> 220 | L85: 2.2
K86: =$D$26*L86 -> 230 | L86: 2.3
K87: =$D$26*L87 -> 240 | L87: 2.4
K88: =$D$26*L88 -> 250 | L88: 2.5
K89: =$D$26*L89 -> 300 | L89: 3
K90: ='Tabela de preços por Item'!H486*24*2 -> 31.68 | L90: 1

Sheet Tabela de preços por Item
A1: Estimativa Materiais | B1: Tipo de Material: | O1: TABELA PARA TUBO EQUIPADO
A2: ITEM | B2: Unid | C2: Fator | D2: QTD | E2: ML Total | F2: Peso Unit (kg) | G2: VALOR UNIT | H2: PESO TOTAL (kg) | I2: VALOR TOTAL | N2: Base da tabela | O2: Item | P2: % | Q2: Qtd | R2: Contar | S2: R$ Unitário | T2: Peso Total | U2: R$ Total
A3: TUBO 48,30 X 3,00 X 1000 | B3: =VLOOKUP($A3,$A$296:$B$384,2,FALSE) -> ML | C3: =VLOOKUP($A3,$A$296:$Z$384,3,FALSE) -> 1 | D3: =SUMIFS($H$17:$H$291,$A$17:$A$291,$A3) -> 4654.6 | E3: =IF(B3="ML",D3,0) -> 4654.6 | F3: =VLOOKUP($A3,$A$296:$Z$384,6,FALSE) -> 3.7 | G3: =VLOOKUP($A3,$A$296:$Z$384,7,FALSE) -> 2.14 | H3: =F3*D3 -> 17222.02 | I3: =G3*D3 -> 9960.844 | N3: 0.7 | O3: TUBO 48,30 X 3,00 X 1000 | P3: 1 | Q3: 100000 | R3: Sim | S3: =ROUND(VLOOKUP(O3,$A$295:$G$384,7,FALSE)*$N3,2) -> 1.5 | T3: =IF(R3="não",0,VLOOKUP(O3,$A$295:$G$384,6,FALSE)*Q3) -> 370000 | U3: =IF(R3="sim",S3*Q3,0) -> 150000 | W3: =S3-W4 -> 1.12
A4: ABRAÇADEIRA P/48,30 FIXA | B4: =VLOOKUP($A4,$A$296:$B$384,2,FALSE) -> PÇ | C4: =VLOOKUP($A4,$A$296:$Z$384,3,FALSE) -> 1 | D4: =SUMIFS($H$17:$H$291,$A$17:$A$291,$A4) -> 43 | E4: =IF(B4="ML",D4,0) -> 0 | F4: =VLOOKUP($A4,$A$296:$Z$384,6,FALSE) -> 1.2 | G4: =VLOOKUP($A4,$A$296:$Z$384,7,FALSE) -> 3.12 | H4: =F4*D4 -> 51.6 | I4: =G4*D4 -> 134.16 | N4: 0.68 | O4: ABRAÇADEIRA P/48,30 FIXA | P4: 0.7 | Q4: =$Q$3*P4 -> 70000 | R4: Sim | S4: =ROUND(VLOOKUP(O4,$A$295:$G$384,7,FALSE)*$N4,2) -> 2.12 | T4: =IF(R4="não",0,VLOOKUP(O4,$A$295:$G$384,6,FALSE)*Q4) -> 84000 | U4: =IF(R4="sim",S4*Q4,0) -> 148400 | W4: =ROUND(S3*(15%+10%),2) -> 0.38
A5: LUVA DE ACOPLAMENTO UNIÃO | B5: =VLOOKUP($A5,$A$296:$B$384,2,FALSE) -> PÇ | C5: =VLOOKUP($A5,$A$296:$Z$384,3,FALSE) -> 1 | D5: =SUMIFS($H$17:$H$291,$A$17:$A$291,$A5) -> 0 | E5: =IF(B5="ML",D5,0) -> 0 | F5: =VLOOKUP($A5,$A$296:$Z$384,6,FALSE) -> 1.1 | G5: =VLOOKUP($A5,$A$296:$Z$384,7,FALSE) -> 2.31 | H5: =F5*D5 -> 0 | I5: =G5*D5 -> 0 | N5: 0.68 | O5: ABRAÇADEIRA P/48,30 GIRATÓRIA | P5: 0.1 | Q5: =$Q$3*P5 -> 10000 | R5: Sim | S5: =ROUND(VLOOKUP(O5,$A$295:$G$384,7,FALSE)*$N5,2) -> 2.28 | T5: =IF(R5="não",0,VLOOKUP(O5,$A$295:$G$384,6,FALSE)*Q5) -> 12500 | U5: =IF(R5="sim",S5*Q5,0) -> 22800
A6: POSTE 1000 | B6: =VLOOKUP($A6,$A$296:$B$384,2,FALSE) -> ML | C6: =VLOOKUP($A6,$A$296:$Z$384,3,FALSE) -> 1 | D6: =SUMIFS($H$17:$H$291,$A$17:$A$291,$A6) -> 3535 | E6: =IF(B6="ML",D6,0) -> 3535 | F6: =VLOOKUP($A6,$A$296:$Z$384,6,FALSE) -> 5.73 | G6: =VLOOKUP($A6,$A$296:$Z$384,7,FALSE) -> 3.75 | H6: =F6*D6 -> 20255.55 | I6: =G6*D6 -> 13256.25 | N6: 0.68 | O6: LUVA DE ACOPLAMENTO UNIÃO | P6: 0.1 | Q6: =$Q$3*P6 -> 10000 | R6: Sim | S6: =ROUND(VLOOKUP(O6,$A$295:$G$384,7,FALSE)*$N6,2) -> 1.57 | T6: =IF(R6="não",0,VLOOKUP(O6,$A$295:$G$384,6,FALSE)*Q6) -> 11000 | U6: =IF(R6="sim",S6*Q6,0) -> 15700 | W6: =W3/S3 -> 0.74666667
A7: TRAVESSA 1000 | B7: =VLOOKUP($A7,$A$296:$B$384,2,FALSE) -> ML | C7: =VLOOKUP($A7,$A$296:$Z$384,3,FALSE) -> 1 | D7: =SUMIFS($H$17:$H$291,$A$17:$A$291,$A7) -> 1829 | E7: =IF(B7="ML",D7,0) -> 1829 | F7: =VLOOKUP($A7,$A$296:$Z$384,6,FALSE) -> 3.7 | G7: =VLOOKUP($A7,$A$296:$Z$384,7,FALSE) -> 3.75 | H7: =F7*D7 -> 6767.3 | I7: =G7*D7 -> 6858.75 | N7: 0.68 | O7: BASE FIXA | P7: 0.05 | Q7: =$Q$3*P7 -> 5000 | R7: Sim | S7: =ROUND(VLOOKUP(O7,$A$295:$G$384,7,FALSE)*$N7,2) -> 1.97 | T7: =IF(R7="não",0,VLOOKUP(O7,$A$295:$G$384,6,FALSE)*Q7) -> 6200 | U7: =IF(R7="sim",S7*Q7,0) -> 9850
A8: BASE FIXA | B8: =VLOOKUP($A8,$A$296:$B$384,2,FALSE) -> PÇ | C8: =VLOOKUP($A8,$A$296:$Z$384,3,FALSE) -> 1 | D8: =SUMIFS($H$17:$H$291,$A$17:$A$291,$A8) -> 307 | E8: =IF(B8="ML",D8,0) -> 0 | F8: =VLOOKUP($A8,$A$296:$Z$384,6,FALSE) -> 1.24 | G8: =VLOOKUP($A8,$A$296:$Z$384,7,FALSE) -> 2.89 | H8: =F8*D8 -> 380.68 | I8: =G8*D8 -> 887.23 | N8: 0.68 | O8: BASE REGULÁVEL | P8: 0.02 | Q8: =$Q$3*P8 -> 2000 | R8: Sim | S8: =ROUND(VLOOKUP(O8,$A$295:$G$384,7,FALSE)*$N8,2) -> 3.03 | T8: =IF(R8="não",0,VLOOKUP(O8,$A$295:$G$384,6,FALSE)*Q8) -> 6600 | U8: =IF(R8="sim",S8*Q8,0) -> 6060
A9: ESCADA MARINHEIRO 2000 X 500 | B9: =VLOOKUP($A9,$A$296:$B$384,2,FALSE) -> PÇ | C9: =VLOOKUP($A9,$A$296:$Z$384,3,FALSE) -> 1 | D9: =SUMIFS($H$17:$H$291,$A$17:$A$291,$A9) -> 12 | E9: =IF(B9="ML",D9,0) -> 0 | F9: =VLOOKUP($A9,$A$296:$Z$384,6,FALSE) -> 14 | G9: =VLOOKUP($A9,$A$296:$Z$384,7,FALSE) -> 25.41 | H9: =F9*D9 -> 168 | I9: =G9*D9 -> 304.92 | N9: 0.68 | O9: ESCADA MARINHEIRO 2000 X 500 | P9: 0.1 | Q9: =$Q$3*P9 -> 10000 | R9: Sim | S9: =ROUND(VLOOKUP(O9,$A$295:$G$384,7,FALSE)*$N9,2) -> 17.28 | T9: =IF(R9="não",0,VLOOKUP(O9,$A$295:$G$384,6,FALSE)*Q9) -> 140000 | U9: =IF(R9="sim",S9*Q9,0) -> 172800
A10: GUARDA CORPO P/ ESCADA | B10: =VLOOKUP($A10,$A$296:$B$384,2,FALSE) -> PÇ | C10: =VLOOKUP($A10,$A$296:$Z$384,3,FALSE) -> 1 | D10: =SUMIFS($H$17:$H$291,$A$17:$A$291,$A10) -> 38 | E10: =IF(B10="ML",D10,0) -> 0 | F10: =VLOOKUP($A10,$A$296:$Z$384,6,FALSE) -> 3 | G10: =VLOOKUP($A10,$A$296:$Z$384,7,FALSE) -> 2.31 | H10: =F10*D10 -> 114 | I10: =G10*D10 -> 87.78 | N10: 0.6 | O10: PRANCHÃO PRFV 300 X 1000 | P10: 0.3 | Q10: =$Q$3*P10 -> 30000 | R10: Não | S10: =ROUND(VLOOKUP(O10,$A$295:$G$384,7,FALSE)*$N10,2) -> 5.99 | T10: =IF(R10="não",0,VLOOKUP(O10,$A$295:$G$384,6,FALSE)*Q10) -> 0 | U10: =IF(R10="sim",S10*Q10,0) -> 0
A11: PRANCHÃO 300 X 1000 | B11: =VLOOKUP($A11,$A$296:$B$384,2,FALSE) -> ML | C11: =VLOOKUP($A11,$A$296:$Z$384,3,FALSE) -> 1 | D11: =SUMIFS($H$17:$H$291,$A$17:$A$291,$A11) -> 22262 | E11: =IF(B11="ML",D11,0) -> 22262 | F11: =VLOOKUP($A11,$A$296:$Z$384,6,FALSE) -> 10 | G11: =VLOOKUP($A11,$A$296:$Z$384,7,FALSE) -> 9.98 | H11: =F11*D11 -> 222620 | I11: =G11*D11 -> 222174.76 | O11: SUBTOTAL: | T11: =SUM(T3:T10) -> 630300 | U11: =SUM(U3:U10) -> 525610 | W11: =U11*W6 -> 392455.47
A12: RODAPÉ PRFV 1000 | B12: =VLOOKUP($A12,$A$296:$B$384,2,FALSE) -> ML | C12: =VLOOKUP($A12,$A$296:$Z$384,3,FALSE) -> 1 | D12: =SUMIFS($H$17:$H$291,$A$17:$A$291,$A12) -> 0 | E12: =IF(B12="ML",D12,0) -> 0 | F12: =VLOOKUP($A12,$A$296:$Z$384,6,FALSE) -> 1.12 | G12: =VLOOKUP($A12,$A$296:$Z$384,7,FALSE) -> 7.22 | H12: =F12*D12 -> 0 | I12: =G12*D12 -> 0 | O12: Nº Estimados de carretas (Carga de 25t) = | T12: =ROUNDUP(T11/25000,0) -> 26
E13: =SUM(E3:E12) -> 32280.6 | G13: =I13/E13 -> 7.8581158 | H13: =SUM(H3:H12) -> 267579.15 | I13: =SUM(I3:I12) -> 253664.69 | O13: PERÍODO DE LOCAÇÃO (meses) | U13: 13
O14: VALOR TOTAL DE LOCAÇÃO: | U14: =U13*U11 -> 6832930 | W14: =U11*6 -> 3153660
A15: Estimativa Materiais | D15: =ROUND(((C17/2)*SQRT(D17^2+E17^2)),0)*4 -> 1748
A16: ITEM | B16: QTD | C16: ALTURA | D16: LARGURA | E16: COMPRIMENTO | F16: PISO EXTRA | G16: PATAMARES | H16: TIPO ANDAIME | W16: =U14*W6 -> 5101921.1
A17: 1.1 | B17: =SUMIFS(Simulador!D$85:D$116,Simulador!$A$85:$A$116,'Tabela de preços por Item'!$A17) -> 2 | C17: =SUMIFS(Simulador!E$85:E$116,Simulador!$A$85:$A$116,'Tabela de preços por Item'!$A17) -> 10 | D17: =SUMIFS(Simulador!F$85:F$116,Simulador!$A$85:$A$116,'Tabela de preços por Item'!$A17) -> 8 | E17: =SUMIFS(Simulador!G$85:G$116,Simulador!$A$85:$A$116,'Tabela de preços por Item'!$A17) -> 87 | F17: =SUMIFS(Simulador!H$85:H$116,Simulador!$A$85:$A$116,'Tabela de preços por Item'!$A17) -> 0 | G17: =SUMIFS(Simulador!I$85:I$116,Simulador!$A$85:$A$116,'Tabela de preços por Item'!$A17) -> 1 | H17: Encaixe | AD17: Tubo
A18: TUBO 48,30 X 3,00 X 1000 | C18: =IF(B17=0,0,IF(H17="tubo",(C17+1.5)*2*(ROUND((D17/3)+(E17/3),0)*2)+1+ROUND(((C17/2)*SQRT(D17^2+E17^2)),0)*4,ROUND(((C17/2)*SQRT(D17^2+E17^2)),0)*4)) -> 1748 | D18: =IF(B17=0,0,IF($H$17="tubo",D17*4*2,0)) -> 0 | E18: =IF(B17=0,0,IF($H$17="tubo",E17*4*2,0)) -> 0 | G18: =IF(G17=0,0,((G17*E17)+(G17*D17))*2) -> 190 | H18: =IF(C17>6,ROUND(SUM(C18:G18)*$B$17*1.2,0),SUM(C18:G18)*$B$17) -> 4651 | AD18: Encaixe
A19: ABRAÇADEIRA P/48,30 FIXA | C19: =IF(B17=0,0,IF(H17="tubo",C17*6+15,B17*4+C24*2)) -> 18 | H19: =IF(C17>6,ROUND(SUM(C19:G19)*$B$17*1.2,0),SUM(C19:G19)*$B$17) -> 43
A20: LUVA DE ACOPLAMENTO UNIÃO | C20: =IF(B17=0,0,IF(H17="tubo",ROUNDUP(H18/2-1,0),0)) -> 0 | H20: =IF(C17>6,ROUND(SUM(C20:G20)*$B$17*1.2,0),SUM(C20:G20)*$B$17) -> 0
A21: POSTE 1000 | C21: =IF(B17=0,0,IF(H17="Encaixe",(C17+1.5)*2*(ROUND((D17/3)+(E17/3),0)*2)+1,0)) -> 1473 | H21: =IF(C17>6,ROUND(SUM(C21:G21)*$B$17*1.2,0),SUM(C21:G21)*$B$17) -> 3535
A22: TRAVESSA 1000 | D22: =IF(B17=0,0,IF($H$17="encaixe",D17*4*2+1,0)) -> 65 | E22: =IF(B17=0,0,IF($H$17="encaixe",E17*4*2+1,0)) -> 697 | H22: =IF(C17>6,ROUND(SUM(C22:G22)*$B$17*1.2,0),SUM(C22:G22)*$B$17) -> 1829
A23: BASE FIXA | C23: =IF(B17=0,0,((ROUND((D17/3)+(E17/3),0)*4))) -> 128 | H23: =IF(C17>6,ROUND(SUM(C23:G23)*$B$17*1.2,0),SUM(C23:G23)*$B$17) -> 307
A24: ESCADA MARINHEIRO 2000 X 500 | C24: =IF(B17=0,0,ROUNDUP(C17/2,0)) -> 5 | H24: =IF(C17>6,ROUND(SUM(C24:G24)*$B$17*1.2,0),SUM(C24:G24)*$B$17) -> 12
A25: GUARDA CORPO P/ ESCADA | C25: =IF(B17=0,0,IF(C17<=2,0,(C17-2)/0.5)) -> 16 | H25: =IF(C17>6,ROUND(SUM(C25:G25)*$B$17*1.2,0),SUM(C25:G25)*$B$17) -> 38
A26: PRANCHÃO 300 X 1000 | C26: =(ROUND((D17*E17)/0.3-1,0)*(F17+1)+ROUND((D17*E17)/0.3-1,0)*(G17))*B17 -> 9276 | H26: =IF(C17>6,ROUND(SUM(C26:G26)*$B$17*1.2,0),SUM(C26:G26)*$B$17) -> 22262
A27: RODAPÉ PRFV 1000 | C27: =IF(B17=0,0,(D17+E17)*2*B17*F17*IF(G17=0,1,G17)) -> 0 | H27: =IF(C17>6,ROUND(SUM(C27:G27)*$B$17*1.2,0),SUM(C27:G27)*$B$17) -> 0
A28: 1.2 | B28: =SUMIFS(Simulador!D$85:D$116,Simulador!$A$85:$A$116,'Tabela de preços por Item'!$A28) -> 0 | C28: =SUMIFS(Simulador!E$85:E$116,Simulador!$A$85:$A$116,'Tabela de preços por Item'!$A28) -> 0 | D28: =SUMIFS(Simulador!F$85:F$116,Simulador!$A$85:$A$116,'Tabela de preços por Item'!$A28) -> 0 | E28: =SUMIFS(Simulador!G$85:G$116,Simulador!$A$85:$A$116,'Tabela de preços por Item'!$A28) -> 0 | F28: =SUMIFS(Simulador!H$85:H$116,Simulador!$A$85:$A$116,'Tabela de preços por Item'!$A28) -> 0 | G28: =SUMIFS(Simulador!I$85:I$116,Simulador!$A$85:$A$116,'Tabela de preços por Item'!$A28) -> 0 | H28: Tubo
A29: TUBO 48,30 X 3,00 X 1000 | C29: =IF(B28=0,0,IF(H28="tubo",(C28+1.5)*2*(ROUND((D28/3)+(E28/3),0)*2)+1+ROUND(((C28/2)*SQRT(D28^2+E28^2)),0)*4,ROUND(((C28/2)*SQRT(D28^2+E28^2)),0)*4)) -> 0 | D29: =IF(B28=0,0,IF($H$17="tubo",D28*4*2,0)) -> 0 | E29: =IF(B28=0,0,IF($H$17="tubo",E28*4*2,0)) -> 0 | G29: =IF(G28=0,0,((G28*E28)+(G28*D28))*2) -> 0 | H29: =IF(C28>6,ROUND(SUM(C29:G29)*$B$17*1.2,0),SUM(C29:G29)*$B$17) -> 0
A30: ABRAÇADEIRA P/48,30 FIXA | C30: =IF(B28=0,0,IF(H28="tubo",C28*6+15,B28*4+C35*2)) -> 0 | H30: =IF(C28>6,ROUND(SUM(C30:G30)*$B$17*1.2,0),SUM(C30:G30)*$B$17) -> 0
A31: LUVA DE ACOPLAMENTO UNIÃO | C31: =IF(B28=0,0,IF(H28="tubo",ROUNDUP(H29/2-1,0),0)) -> 0 | H31: =IF(C28>6,ROUND(SUM(C31:G31)*$B$17*1.2,0),SUM(C31:G31)*$B$17) -> 0
A32: POSTE 1000 | C32: =IF(B28=0,0,IF(H28="Encaixe",(C28+1.5)*2*(ROUND((D28/3)+(E28/3),0)*2)+1,0)) -> 0 | H32: =IF(C28>6,ROUND(SUM(C32:G32)*$B$17*1.2,0),SUM(C32:G32)*$B$17) -> 0
A33: TRAVESSA 1000 | D33: =IF(B28=0,0,IF($H$17="encaixe",D28*4*2+1,0)) -> 0 | E33: =IF(B28=0,0,IF($H$17="encaixe",E28*4*2+1,0)) -> 0 | H33: =IF(C28>6,ROUND(SUM(C33:G33)*$B$17*1.2,0),SUM(C33:G33)*$B$17) -> 0
A34: BASE FIXA | C34: =IF(B28=0,0,((ROUND((D28/3)+(E28/3),0)*4))) -> 0 | H34: =IF(C28>6,ROUND(SUM(C34:G34)*$B$17*1.2,0),SUM(C34:G34)*$B$17) -> 0
A35: ESCADA MARINHEIRO 2000 X 500 | C35: =IF(B28=0,0,ROUNDUP(C28/2,0)) -> 0 | H35: =IF(C28>6,ROUND(SUM(C35:G35)*$B$17*1.2,0),SUM(C35:G35)*$B$17) -> 0
A36: GUARDA CORPO P/ ESCADA | C36: =IF(B28=0,0,IF(C28<=2,0,(C28-2)/0.5)) -> 0 | H36: =IF(C28>6,ROUND(SUM(C36:G36)*$B$17*1.2,0),SUM(C36:G36)*$B$17) -> 0
A37: PRANCHÃO 300 X 1000 | C37: =(ROUND((D28*E28)/0.3-1,0)*(F28+1)+ROUND((D28*E28)/0.3-1,0)*(G28))*B28 -> 0 | H37: =IF(C28>6,ROUND(SUM(C37:G37)*$B$17*1.2,0),SUM(C37:G37)*$B$17) -> 0
A38: RODAPÉ PRFV 1000 | C38: =IF(B28=0,0,(D28+E28)*2*B28*F28*IF(G28=0,1,G28)) -> 0 | H38: =IF(C28>6,ROUND(SUM(C38:G38)*$B$17*1.2,0),SUM(C38:G38)*$B$17) -> 0
A39: 1.3 | B39: =SUMIFS(Simulador!D$85:D$116,Simulador!$A$85:$A$116,'Tabela de preços por Item'!$A39) -> 0 | C39: =SUMIFS(Simulador!E$85:E$116,Simulador!$A$85:$A$116,'Tabela de preços por Item'!$A39) -> 0 | D39: =SUMIFS(Simulador!F$85:F$116,Simulador!$A$85:$A$116,'Tabela de preços por Item'!$A39) -> 0 | E39: =SUMIFS(Simulador!G$85:G$116,Simulador!$A$85:$A$116,'Tabela de preços por Item'!$A39) -> 0 | F39: =SUMIFS(Simulador!H$85:H$116,Simulador!$A$85:$A$116,'Tabela de preços por Item'!$A39) -> 0 | G39: =SUMIFS(Simulador!I$85:I$116,Simulador!$A$85:$A$116,'Tabela de preços por Item'!$A39) -> 0 | H39: Tubo
A40: TUBO 48,30 X 3,00 X 1000 | C40: =IF(B39=0,0,IF(H39="tubo",(C39+1.5)*2*(ROUND((D39/3)+(E39/3),0)*2)+1+ROUND(((C39/2)*SQRT(D39^2+E39^2)),0)*4,ROUND(((C39/2)*SQRT(D39^2+E39^2)),0)*4)) -> 0 | D40: =IF(B39=0,0,IF($H$17="tubo",D39*4*2,0)) -> 0 | E40: =IF(B39=0,0,IF($H$17="tubo",E39*4*2,0)) -> 0 | G40: =IF(G39=0,0,((G39*E39)+(G39*D39))*2) -> 0 | H40: =IF(C39>6,ROUND(SUM(C40:G40)*$B$17*1.2,0),SUM(C40:G40)*$B$17) -> 0
A41: ABRAÇADEIRA P/48,30 FIXA | C41: =IF(B39=0,0,IF(H39="tubo",C39*6+15,B39*4+C46*2)) -> 0 | H41: =IF(C39>6,ROUND(SUM(C41:G41)*$B$17*1.2,0),SUM(C41:G41)*$B$17) -> 0
A42: LUVA DE ACOPLAMENTO UNIÃO | C42: =IF(B39=0,0,IF(H39="tubo",ROUNDUP(H40/2-1,0),0)) -> 0 | H42: =IF(C39>6,ROUND(SUM(C42:G42)*$B$17*1.2,0),SUM(C42:G42)*$B$17) -> 0
A43: POSTE 1000 | C43: =IF(B39=0,0,IF(H39="Encaixe",(C39+1.5)*2*(ROUND((D39/3)+(E39/3),0)*2)+1,0)) -> 0 | H43: =IF(C39>6,ROUND(SUM(C43:G43)*$B$17*1.2,0),SUM(C43:G43)*$B$17) -> 0
A44: TRAVESSA 1000 | D44: =IF(B39=0,0,IF($H$17="encaixe",D39*4*2+1,0)) -> 0 | E44: =IF(B39=0,0,IF($H$17="encaixe",E39*4*2+1,0)) -> 0 | H44: =IF(C39>6,ROUND(SUM(C44:G44)*$B$17*1.2,0),SUM(C44:G44)*$B$17) -> 0
A45: BASE FIXA | C45: =IF(B39=0,0,((ROUND((D39/3)+(E39/3),0)*4))) -> 0 | H45: =IF(C39>6,ROUND(SUM(C45:G45)*$B$17*1.2,0),SUM(C45:G45)*$B$17) -> 0
A46: ESCADA MARINHEIRO 2000 X 500 | C46: =IF(B39=0,0,ROUNDUP(C39/2,0)) -> 0 | H46: =IF(C39>6,ROUND(SUM(C46:G46)*$B$17*1.2,0),SUM(C46:G46)*$B$17) -> 0
A47: GUARDA CORPO P/ ESCADA | C47: =IF(B39=0,0,IF(C39<=2,0,(C39-2)/0.5)) -> 0 | H47: =IF(C39>6,ROUND(SUM(C47:G47)*$B$17*1.2,0),SUM(C47:G47)*$B$17) -> 0
A48: PRANCHÃO 300 X 1000 | C48: =(ROUND((D39*E39)/0.3-1,0)*(F39+1)+ROUND((D39*E39)/0.3-1,0)*(G39))*B39 -> 0 | H48: =IF(C39>6,ROUND(SUM(C48:G48)*$B$17*1.2,0),SUM(C48:G48)*$B$17) -> 0
A49: RODAPÉ PRFV 1000 | C49: =IF(B39=0,0,(D39+E39)*2*B39*F39*IF(G39=0,1,G39)) -> 0 | H49: =IF(C39>6,ROUND(SUM(C49:G49)*$B$17*1.2,0),SUM(C49:G49)*$B$17) -> 0
A50: 1.4 | B50: =SUMIFS(Simulador!D$85:D$116,Simulador!$A$85:$A$116,'Tabela de preços por Item'!$A50) -> 0 | C50: =SUMIFS(Simulador!E$85:E$116,Simulador!$A$85:$A$116,'Tabela de preços por Item'!$A50) -> 0 | D50: =SUMIFS(Simulador!F$85:F$116,Simulador!$A$85:$A$116,'Tabela de preços por Item'!$A50) -> 0 | E50: =SUMIFS(Simulador!G$85:G$116,Simulador!$A$85:$A$116,'Tabela de preços por Item'!$A50) -> 0 | F50: =SUMIFS(Simulador!H$85:H$116,Simulador!$A$85:$A$116,'Tabela de preços por Item'!$A50) -> 0 | G50: =SUMIFS(Simulador!I$85:I$116,Simulador!$A$85:$A$116,'Tabela de preços por Item'!$A50) -> 0 | H50: Tubo
A51: TUBO 48,30 X 3,00 X 1000 | C51: =IF(B50=0,0,IF(H50="tubo",(C50+1.5)*2*(ROUND((D50/3)+(E50/3),0)*2)+1+ROUND(((C50/2)*SQRT(D50^2+E50^2)),0)*4,ROUND(((C50/2)*SQRT(D50^2+E50^2)),0)*4)) -> 0 | D51: =IF(B50=0,0,IF($H$17="tubo",D50*4*2,0)) -> 0 | E51: =IF(B50=0,0,IF($H$17="tubo",E50*4*2,0)) -> 0 | G51: =IF(G50=0,0,((G50*E50)+(G50*D50))*2) -> 0 | H51: =IF(C50>6,ROUND(SUM(C51:G51)*$B$17*1.2,0),SUM(C51:G51)*$B$17) -> 0
A52: ABRAÇADEIRA P/48,30 FIXA | C52: =IF(B50=0,0,IF(H50="tubo",C50*6+15,B50*4+C57*2)) -> 0 | H52: =IF(C50>6,ROUND(SUM(C52:G52)*$B$17*1.2,0),SUM(C52:G52)*$B$17) -> 0
A53: LUVA DE ACOPLAMENTO UNIÃO | C53: =IF(B50=0,0,IF(H50="tubo",ROUNDUP(H51/2-1,0),0)) -> 0 | H53: =IF(C50>6,ROUND(SUM(C53:G53)*$B$17*1.2,0),SUM(C53:G53)*$B$17) -> 0
A54: POSTE 1000 | C54: =IF(B50=0,0,IF(H50="Encaixe",(C50+1.5)*2*(ROUND((D50/3)+(E50/3),0)*2)+1,0)) -> 0 | H54: =IF(C50>6,ROUND(SUM(C54:G54)*$B$17*1.2,0),SUM(C54:G54)*$B$17) -> 0
A55: TRAVESSA 1000 | D55: =IF(B50=0,0,IF($H$17="encaixe",D50*4*2+1,0)) -> 0 | E55: =IF(B50=0,0,IF($H$17="encaixe",E50*4*2+1,0)) -> 0 | H55: =IF(C50>6,ROUND(SUM(C55:G55)*$B$17*1.2,0),SUM(C55:G55)*$B$17) -> 0
A56: BASE FIXA | C56: =IF(B50=0,0,((ROUND((D50/3)+(E50/3),0)*4))) -> 0 | H56: =IF(C50>6,ROUND(SUM(C56:G56)*$B$17*1.2,0),SUM(C56:G56)*$B$17) -> 0
A57: ESCADA MARINHEIRO 2000 X 500 | C57: =IF(B50=0,0,ROUNDUP(C50/2,0)) -> 0 | H57: =IF(C50>6,ROUND(SUM(C57:G57)*$B$17*1.2,0),SUM(C57:G57)*$B$17) -> 0
A58: GUARDA CORPO P/ ESCADA | C58: =IF(B50=0,0,IF(C50<=2,0,(C50-2)/0.5)) -> 0 | H58: =IF(C50>6,ROUND(SUM(C58:G58)*$B$17*1.2,0),SUM(C58:G58)*$B$17) -> 0
A59: PRANCHÃO 300 X 1000 | C59: =(ROUND((D50*E50)/0.3-1,0)*(F50+1)+ROUND((D50*E50)/0.3-1,0)*(G50))*B50 -> 0 | H59: =IF(C50>6,ROUND(SUM(C59:G59)*$B$17*1.2,0),SUM(C59:G59)*$B$17) -> 0
A60: RODAPÉ PRFV 1000 | C60: =IF(B50=0,0,(D50+E50)*2*B50*F50*IF(G50=0,1,G50)) -> 0 | H60: =IF(C50>6,ROUND(SUM(C60:G60)*$B$17*1.2,0),SUM(C60:G60)*$B$17) -> 0
A61: 1.5 | B61: =SUMIFS(Simulador!D$85:D$116,Simulador!$A$85:$A$116,'Tabela de preços por Item'!$A61) -> 0 | C61: =SUMIFS(Simulador!E$85:E$116,Simulador!$A$85:$A$116,'Tabela de preços por Item'!$A61) -> 0 | D61: =SUMIFS(Simulador!F$85:F$116,Simulador!$A$85:$A$116,'Tabela de preços por Item'!$A61) -> 0 | E61: =SUMIFS(Simulador!G$85:G$116,Simulador!$A$85:$A$116,'Tabela de preços por Item'!$A61) -> 0 | F61: =SUMIFS(Simulador!H$85:H$116,Simulador!$A$85:$A$116,'Tabela de preços por Item'!$A61) -> 0 | G61: =SUMIFS(Simulador!I$85:I$116,Simulador!$A$85:$A$116,'Tabela de preços por Item'!$A61) -> 0 | H61: Tubo
A62: TUBO 48,30 X 3,00 X 1000 | C62: =IF(B61=0,0,IF(H61="tubo",(C61+1.5)*2*(ROUND((D61/3)+(E61/3),0)*2)+1+ROUND(((C61/2)*SQRT(D61^2+E61^2)),0)*4,ROUND(((C61/2)*SQRT(D61^2+E61^2)),0)*4)) -> 0 | D62: =IF(B61=0,0,IF($H$17="tubo",D61*4*2,0)) -> 0 | E62: =IF(B61=0,0,IF($H$17="tubo",E61*4*2,0)) -> 0 | G62: =IF(G61=0,0,((G61*E61)+(G61*D61))*2) -> 0 | H62: =IF(C61>6,ROUND(SUM(C62:G62)*$B$17*1.2,0),SUM(C62:G62)*$B$17) -> 0
A63: ABRAÇADEIRA P/48,30 FIXA | C63: =IF(B61=0,0,IF(H61="tubo",C61*6+15,B61*4+C68*2)) -> 0 | H63: =IF(C61>6,ROUND(SUM(C63:G63)*$B$17*1.2,0),SUM(C63:G63)*$B$17) -> 0
A64: LUVA DE ACOPLAMENTO UNIÃO | C64: =IF(B61=0,0,IF(H61="tubo",ROUNDUP(H62/2-1,0),0)) -> 0 | H64: =IF(C61>6,ROUND(SUM(C64:G64)*$B$17*1.2,0),SUM(C64:G64)*$B$17) -> 0
A65: POSTE 1000 | C65: =IF(B61=0,0,IF(H61="Encaixe",(C61+1.5)*2*(ROUND((D61/3)+(E61/3),0)*2)+1,0)) -> 0 | H65: =IF(C61>6,ROUND(SUM(C65:G65)*$B$17*1.2,0),SUM(C65:G65)*$B$17) -> 0
A66: TRAVESSA 1000 | D66: =IF(B61=0,0,IF($H$17="encaixe",D61*4*2+1,0)) -> 0 | E66: =IF(B61=0,0,IF($H$17="encaixe",E61*4*2+1,0)) -> 0 | H66: =IF(C61>6,ROUND(SUM(C66:G66)*$B$17*1.2,0),SUM(C66:G66)*$B$17) -> 0
A67: BASE FIXA | C67: =IF(B61=0,0,((ROUND((D61/3)+(E61/3),0)*4))) -> 0 | H67: =IF(C61>6,ROUND(SUM(C67:G67)*$B$17*1.2,0),SUM(C67:G67)*$B$17) -> 0
A68: ESCADA MARINHEIRO 2000 X 500 | C68: =IF(B61=0,0,ROUNDUP(C61/2,0)) -> 0 | H68: =IF(C61>6,ROUND(SUM(C68:G68)*$B$17*1.2,0),SUM(C68:G68)*$B$17) -> 0
A69: GUARDA CORPO P/ ESCADA | C69: =IF(B61=0,0,IF(C61<=2,0,(C61-2)/0.5)) -> 0 | H69: =IF(C61>6,ROUND(SUM(C69:G69)*$B$17*1.2,0),SUM(C69:G69)*$B$17) -> 0
A70: PRANCHÃO 300 X 1000 | C70: =(ROUND((D61*E61)/0.3-1,0)*(F61+1)+ROUND((D61*E61)/0.3-1,0)*(G61))*B61 -> 0 | H70: =IF(C61>6,ROUND(SUM(C70:G70)*$B$17*1.2,0),SUM(C70:G70)*$B$17) -> 0
A71: RODAPÉ PRFV 1000 | C71: =IF(B61=0,0,(D61+E61)*2*B61*F61*IF(G61=0,1,G61)) -> 0 | H71: =IF(C61>6,ROUND(SUM(C71:G71)*$B$17*1.2,0),SUM(C71:G71)*$B$17) -> 0
A72: 1.6 | B72: =SUMIFS(Simulador!D$85:D$116,Simulador!$A$85:$A$116,'Tabela de preços por Item'!$A72) -> 0 | C72: =SUMIFS(Simulador!E$85:E$116,Simulador!$A$85:$A$116,'Tabela de preços por Item'!$A72) -> 0 | D72: =SUMIFS(Simulador!F$85:F$116,Simulador!$A$85:$A$116,'Tabela de preços por Item'!$A72) -> 0 | E72: =SUMIFS(Simulador!G$85:G$116,Simulador!$A$85:$A$116,'Tabela de preços por Item'!$A72) -> 0 | F72: =SUMIFS(Simulador!H$85:H$116,Simulador!$A$85:$A$116,'Tabela de preços por Item'!$A72) -> 0 | G72: =SUMIFS(Simulador!I$85:I$116,Simulador!$A$85:$A$116,'Tabela de preços por Item'!$A72) -> 0 | H72: Tubo
A73: TUBO 48,30 X 3,00 X 1000 | C73: =IF(B72=0,0,IF(H72="tubo",(C72+1.5)*2*(ROUND((D72/3)+(E72/3),0)*2)+1+ROUND(((C72/2)*SQRT(D72^2+E72^2)),0)*4,ROUND(((C72/2)*SQRT(D72^2+E72^2)),0)*4)) -> 0 | D73: =IF(B72=0,0,IF($H$17="tubo",D72*4*2,0)) -> 0 | E73: =IF(B72=0,0,IF($H$17="tubo",E72*4*2,0)) -> 0 | G73: =IF(G72=0,0,((G72*E72)+(G72*D72))*2) -> 0 | H73: =IF(C72>6,ROUND(SUM(C73:G73)*$B$17*1.2,0),SUM(C73:G73)*$B$17) -> 0
A74: ABRAÇADEIRA P/48,30 FIXA | C74: =IF(B72=0,0,IF(H72="tubo",C72*6+15,B72*4+C79*2)) -> 0 | H74: =IF(C72>6,ROUND(SUM(C74:G74)*$B$17*1.2,0),SUM(C74:G74)*$B$17) -> 0
A75: LUVA DE ACOPLAMENTO UNIÃO | C75: =IF(B72=0,0,IF(H72="tubo",ROUNDUP(H73/2-1,0),0)) -> 0 | H75: =IF(C72>6,ROUND(SUM(C75:G75)*$B$17*1.2,0),SUM(C75:G75)*$B$17) -> 0
A76: POSTE 1000 | C76: =IF(B72=0,0,IF(H72="Encaixe",(C72+1.5)*2*(ROUND((D72/3)+(E72/3),0)*2)+1,0)) -> 0 | H76: =IF(C72>6,ROUND(SUM(C76:G76)*$B$17*1.2,0),SUM(C76:G76)*$B$17) -> 0
A77: TRAVESSA 1000 | D77: =IF(B72=0,0,IF($H$17="encaixe",D72*4*2+1,0)) -> 0 | E77: =IF(B72=0,0,IF($H$17="encaixe",E72*4*2+1,0)) -> 0 | H77: =IF(C72>6,ROUND(SUM(C77:G77)*$B$17*1.2,0),SUM(C77:G77)*$B$17) -> 0
A78: BASE FIXA | C78: =IF(B72=0,0,((ROUND((D72/3)+(E72/3),0)*4))) -> 0 | H78: =IF(C72>6,ROUND(SUM(C78:G78)*$B$17*1.2,0),SUM(C78:G78)*$B$17) -> 0
A79: ESCADA MARINHEIRO 2000 X 500 | C79: =IF(B72=0,0,ROUNDUP(C72/2,0)) -> 0 | H79: =IF(C72>6,ROUND(SUM(C79:G79)*$B$17*1.2,0),SUM(C79:G79)*$B$17) -> 0
A80: GUARDA CORPO P/ ESCADA | C80: =IF(B72=0,0,IF(C72<=2,0,(C72-2)/0.5)) -> 0 | H80: =IF(C72>6,ROUND(SUM(C80:G80)*$B$17*1.2,0),SUM(C80:G80)*$B$17) -> 0
A81: PRANCHÃO 300 X 1000 | C81: =(ROUND((D72*E72)/0.3-1,0)*(F72+1)+ROUND((D72*E72)/0.3-1,0)*(G72))*B72 -> 0 | H81: =IF(C72>6,ROUND(SUM(C81:G81)*$B$17*1.2,0),SUM(C81:G81)*$B$17) -> 0
A82: RODAPÉ PRFV 1000 | C82: =IF(B72=0,0,(D72+E72)*2*B72*F72*IF(G72=0,1,G72)) -> 0 | H82: =IF(C72>6,ROUND(SUM(C82:G82)*$B$17*1.2,0),SUM(C82:G82)*$B$17) -> 0
A83: 1.7 | B83: =SUMIFS(Simulador!D$85:D$116,Simulador!$A$85:$A$116,'Tabela de preços por Item'!$A83) -> 0 | C83: =SUMIFS(Simulador!E$85:E$116,Simulador!$A$85:$A$116,'Tabela de preços por Item'!$A83) -> 0 | D83: =SUMIFS(Simulador!F$85:F$116,Simulador!$A$85:$A$116,'Tabela de preços por Item'!$A83) -> 0 | E83: =SUMIFS(Simulador!G$85:G$116,Simulador!$A$85:$A$116,'Tabela de preços por Item'!$A83) -> 0 | F83: =SUMIFS(Simulador!H$85:H$116,Simulador!$A$85:$A$116,'Tabela de preços por Item'!$A83) -> 0 | G83: =SUMIFS(Simulador!I$85:I$116,Simulador!$A$85:$A$116,'Tabela de preços por Item'!$A83) -> 0 | H83: Tubo
A84: TUBO 48,30 X 3,00 X 1000 | C84: =IF(B83=0,0,IF(H83="tubo",(C83+1.5)*2*(ROUND((D83/3)+(E83/3),0)*2)+1+ROUND(((C83/2)*SQRT(D83^2+E83^2)),0)*4,ROUND(((C83/2)*SQRT(D83^2+E83^2)),0)*4)) -> 0 | D84: =IF(B83=0,0,IF($H$17="tubo",D83*4*2,0)) -> 0 | E84: =IF(B83=0,0,IF($H$17="tubo",E83*4*2,0)) -> 0 | G84: =IF(G83=0,0,((G83*E83)+(G83*D83))*2) -> 0 | H84: =IF(C83>6,ROUND(SUM(C84:G84)*$B$17*1.2,0),SUM(C84:G84)*$B$17) -> 0
A85: ABRAÇADEIRA P/48,30 FIXA | C85: =IF(B83=0,0,IF(H83="tubo",C83*6+15,B83*4+C90*2)) -> 0 | H85: =IF(C83>6,ROUND(SUM(C85:G85)*$B$17*1.2,0),SUM(C85:G85)*$B$17) -> 0
A86: LUVA DE ACOPLAMENTO UNIÃO | C86: =IF(B83=0,0,IF(H83="tubo",ROUNDUP(H84/2-1,0),0)) -> 0 | H86: =IF(C83>6,ROUND(SUM(C86:G86)*$B$17*1.2,0),SUM(C86:G86)*$B$17) -> 0
A87: POSTE 1000 | C87: =IF(B83=0,0,IF(H83="Encaixe",(C83+1.5)*2*(ROUND((D83/3)+(E83/3),0)*2)+1,0)) -> 0 | H87: =IF(C83>6,ROUND(SUM(C87:G87)*$B$17*1.2,0),SUM(C87:G87)*$B$17) -> 0
A88: TRAVESSA 1000 | D88: =IF(B83=0,0,IF($H$17="encaixe",D83*4*2+1,0)) -> 0 | E88: =IF(B83=0,0,IF($H$17="encaixe",E83*4*2+1,0)) -> 0 | H88: =IF(C83>6,ROUND(SUM(C88:G88)*$B$17*1.2,0),SUM(C88:G88)*$B$17) -> 0
A89: BASE FIXA | C89: =IF(B83=0,0,((ROUND((D83/3)+(E83/3),0)*4))) -> 0 | H89: =IF(C83>6,ROUND(SUM(C89:G89)*$B$17*1.2,0),SUM(C89:G89)*$B$17) -> 0
A90: ESCADA MARINHEIRO 2000 X 500 | C90: =IF(B83=0,0,ROUNDUP(C83/2,0)) -> 0 | H90: =IF(C83>6,ROUND(SUM(C90:G90)*$B$17*1.2,0),SUM(C90:G90)*$B$17) -> 0
A91: GUARDA CORPO P/ ESCADA | C91: =IF(B83=0,0,IF(C83<=2,0,(C83-2)/0.5)) -> 0 | H91: =IF(C83>6,ROUND(SUM(C91:G91)*$B$17*1.2,0),SUM(C91:G91)*$B$17) -> 0
A92: PRANCHÃO 300 X 1000 | C92: =(ROUND((D83*E83)/0.3-1,0)*(F83+1)+ROUND((D83*E83)/0.3-1,0)*(G83))*B83 -> 0 | H92: =IF(C83>6,ROUND(SUM(C92:G92)*$B$17*1.2,0),SUM(C92:G92)*$B$17) -> 0
A93: RODAPÉ PRFV 1000 | C93: =IF(B83=0,0,(D83+E83)*2*B83*F83*IF(G83=0,1,G83)) -> 0 | H93: =IF(C83>6,ROUND(SUM(C93:G93)*$B$17*1.2,0),SUM(C93:G93)*$B$17) -> 0
A94: 1.8 | B94: =SUMIFS(Simulador!D$85:D$116,Simulador!$A$85:$A$116,'Tabela de preços por Item'!$A94) -> 0 | C94: =SUMIFS(Simulador!E$85:E$116,Simulador!$A$85:$A$116,'Tabela de preços por Item'!$A94) -> 0 | D94: =SUMIFS(Simulador!F$85:F$116,Simulador!$A$85:$A$116,'Tabela de preços por Item'!$A94) -> 0 | E94: =SUMIFS(Simulador!G$85:G$116,Simulador!$A$85:$A$116,'Tabela de preços por Item'!$A94) -> 0 | F94: =SUMIFS(Simulador!H$85:H$116,Simulador!$A$85:$A$116,'Tabela de preços por Item'!$A94) -> 0 | G94: =SUMIFS(Simulador!I$85:I$116,Simulador!$A$85:$A$116,'Tabela de preços por Item'!$A94) -> 0 | H94: Tubo
A95: TUBO 48,30 X 3,00 X 1000 | C95: =IF(B94=0,0,IF(H94="tubo",(C94+1.5)*2*(ROUND((D94/3)+(E94/3),0)*2)+1+ROUND(((C94/2)*SQRT(D94^2+E94^2)),0)*4,ROUND(((C94/2)*SQRT(D94^2+E94^2)),0)*4)) -> 0 | D95: =IF(B94=0,0,IF($H$17="tubo",D94*4*2,0)) -> 0 | E95: =IF(B94=0,0,IF($H$17="tubo",E94*4*2,0)) -> 0 | G95: =IF(G94=0,0,((G94*E94)+(G94*D94))*2) -> 0 | H95: =IF(C94>6,ROUND(SUM(C95:G95)*$B$17*1.2,0),SUM(C95:G95)*$B$17) -> 0
A96: ABRAÇADEIRA P/48,30 FIXA | C96: =IF(B94=0,0,IF(H94="tubo",C94*6+15,B94*4+C101*2)) -> 0 | H96: =IF(C94>6,ROUND(SUM(C96:G96)*$B$17*1.2,0),SUM(C96:G96)*$B$17) -> 0
A97: LUVA DE ACOPLAMENTO UNIÃO | C97: =IF(B94=0,0,IF(H94="tubo",ROUNDUP(H95/2-1,0),0)) -> 0 | H97: =IF(C94>6,ROUND(SUM(C97:G97)*$B$17*1.2,0),SUM(C97:G97)*$B$17) -> 0
A98: POSTE 1000 | C98: =IF(B94=0,0,IF(H94="Encaixe",(C94+1.5)*2*(ROUND((D94/3)+(E94/3),0)*2)+1,0)) -> 0 | H98: =IF(C94>6,ROUND(SUM(C98:G98)*$B$17*1.2,0),SUM(C98:G98)*$B$17) -> 0
A99: TRAVESSA 1000 | D99: =IF(B94=0,0,IF($H$17="encaixe",D94*4*2+1,0)) -> 0 | E99: =IF(B94=0,0,IF($H$17="encaixe",E94*4*2+1,0)) -> 0 | H99: =IF(C94>6,ROUND(SUM(C99:G99)*$B$17*1.2,0),SUM(C99:G99)*$B$17) -> 0
A100: BASE FIXA | C100: =IF(B94=0,0,((ROUND((D94/3)+(E94/3),0)*4))) -> 0 | H100: =IF(C94>6,ROUND(SUM(C100:G100)*$B$17*1.2,0),SUM(C100:G100)*$B$17) -> 0
...

Sheet Indenização
A1: Material | B1: UNID. | C1: FATOR | D1: Valor por Unid Medida | E1: Qtde Devida | F1: Valor Total
A2: TUBO 48,30 X 3,00 X 500 | B2: ML | C2: 0.5 | D2: 75 | F2: =E2*D2*C2 -> 0
A3: TUBO 48,30 X 3,00 X 750 | B3: ML | C3: 0.75 | D3: 75 | F3: =E3*D3*C3 -> 0
A4: TUBO 48,30 X 3,00 X 1000 | B4: ML | C4: 1 | D4: 75 | F4: =E4*D4*C4 -> 0
A5: TUBO 48,30 X 3,00 X 1250 | B5: ML | C5: 1.25 | D5: 75 | F5: =E5*D5*C5 -> 0
A6: TUBO 48,30 X 3,00 X 1500 | B6: ML | C6: 1.5 | D6: 75 | F6: =E6*D6*C6 -> 0
A7: TUBO 48,30 X 3,00 X 1750 | B7: ML | C7: 1.75 | D7: 75 | F7: =E7*D7*C7 -> 0
A8: TUBO 48,30 X 3,00 X 2000 | B8: ML | C8: 2 | D8: 75 | F8: =E8*D8*C8 -> 0
A9: TUBO 48,30 X 3,00 X 2250 | B9: ML | C9: 2.25 | D9: 75 | F9: =E9*D9*C9 -> 0
A10: TUBO 48,30 X 3,00 X 2500 | B10: ML | C10: 2.5 | D10: 75 | F10: =E10*D10*C10 -> 0
A11: TUBO 48,30 X 3,00 X 2750 | B11: ML | C11: 2.75 | D11: 75 | F11: =E11*D11*C11 -> 0
A12: TUBO 48,30 X 3,00 X 3000 | B12: ML | C12: 3 | D12: 75 | F12: =E12*D12*C12 -> 0
A13: TUBO 48,30 X 3,00 X 3250 | B13: ML | C13: 3.25 | D13: 75 | F13: =E13*D13*C13 -> 0
... A48: DIAGONAL 17 X 20 = 2,60 1700 | B48: ML | C48: 2.6 | D48: 340 | F48: =E48*D48*C48 -> 0
A49: DIAGONAL 22 X 20 = 2,95 2200 | B49: PÇ | C49: 2.95 | D49: =D48 -> 340 | F49: =E49*D49*C49 -> 0
A50: DIAGONAL 24 X 20 = 3,08 2400 | B50: PÇ | C50: 3.08 | D50: =D49 -> 340 | F50: =E50*D50*C50 -> 0
A51: ABRAÇADEIRA P/48,30 FIXA | B51: PÇ | C51: 1 | D51: 57 | F51: =E51*D51*C51 -> 0
A52: ABRAÇADEIRA P/48,30 GIRATÓRIA | B52: PÇ | C52: 1 | D52: 57 | F52: =E52*D52*C52 -> 0
A53: ARCO ABERTO | B53: PÇ | C53: 1 | D53: 105 | F53: =E53*D53*C53 -> 0
A54: ARCO FECHADO | B54: PÇ | C54: 1 | D54: 165 | F54: =E54*D54*C54 -> 0
A55: GUARDA CORPO P/ ESCADA | B55: PÇ | C55: 1 | D55: 105 | F55: =E55*D55*C55 -> 0
A56: LUVA DE ACOPLAMENTO UNIÃO | B56: PÇ | C56: 1 | D56: 48 | F56: =E56*D56*C56 -> 0
A57: BASE FIXA | B57: PÇ | C57: 1 | D57: 52 | F57: =E57*D57*C57 -> 0
A58: BASE REGULÁVEL | B58: PÇ | C58: 1 | D58: 105 | F58: =E58*D58*C58 -> 0
A59: ESCADA DE ENTRADA 1500 X 500 | B59: PC | C59: 1 | D59: 260 | F59: =E59*D59*C59 -> 0
A60: ESCADA MARINHEIRO 2000 X 500 | B60: PÇ | C60: 1 | D60: 380 | F60: =E60*D60*C60 -> 0
A61: BASTÃO | B61: PÇ | C61: 1 | D61: 105 | F61: =E61*D61*C61 -> 0
A62: JOGO DE ESCADA COM 11 DEGRAUS | B62: ML | C62: 1 | D62: 280 | F62: =E62*D62*C62 -> 0
A63: DEGRAUS DE ENTRADA DUPLA | B63: ML | C63: 1 | D63: =$D$62 -> 280 | F63: =E63*D63*C63 -> 0
A64: DEGRAUS DE ESCADA SIMPLES | B64: ML | C64: 1 | D64: =$D$62 -> 280 | F64: =E64*D64*C64 -> 0
A65: RODÍZIO PARA ANDAIME | B65: ML | C65: 1 | D65: 360 | F65: =E65*D65*C65 -> 0
A66: PRANCHÃO 300 X 1000 | B66: ML | C66: 1 | D66: 70 | F66: =E66*D66*C66 -> 0
A67: PRANCHÃO 300 X 1500 | B67: ML | C67: 1.5 | D67: =$D$66 -> 70 | F67: =E67*D67*C67 -> 0
A68: PRANCHÃO 300 X 2000 | B68: ML | C68: 2 | D68: =$D$66 -> 70 | F68: =E68*D68*C68 -> 0
A69: PRANCHÃO 300 X 2500 | B69: ML | C69: 2.5 | D69: =$D$66 -> 70 | F69: =E69*D69*C69 -> 0
A70: PRANCHÃO 300 X 3000 | B70: ML | C70: 3 | D70: =$D$66 -> 70 | F70: =E70*D70*C70 -> 0
A71: PRANCHÃO PRFV 300 X 1000 | B71: ML | C71: =C66 -> 1 | D71: 295 | F71: =E71*D71*C71 -> 0
A72: PRANCHÃO PRFV 300 X 1500 | B72: ML | C72: =C67 -> 1.5 | D72: =$D$71 -> 295 | F72: =E72*D72*C72 -> 0
A73: PRANCHÃO PRFV 300 X 2000 | B73: ML | C73: 2 | D73: =$D$71 -> 295 | F73: =E73*D73*C73 -> 0
A74: PRANCHÃO PRFV 300 X 2500 | B74: ML | C74: 2.5 | D74: =$D$71 -> 295 | F74: =E74*D74*C74 -> 0
A75: PRANCHÃO PRFV 300 X 3000 | B75: ML | C75: 3 | D75: =$D$71 -> 295 | F75: =E75*D75*C75 -> 0
A76: RODAPÉ PRFV 800 | B76: ML | C76: 0.8 | D76: 75 | F76: =E76*D76*C76 -> 0
A77: RODAPÉ PRFV 1000 | B77: ML | C77: 1 | D77: 75 | F77: =E77*D77*C77 -> 0
A78: RODAPÉ PRFV 1200 | B78: ML | C78: 1.2 | D78: 75 | F78: =E78*D78*C78 -> 0
A79: RODAPÉ PRFV 1300 | B79: ML | C79: 1.3 | D79: 75 | F79: =E79*D79*C79 -> 0
A80: RODAPÉ PRFV 1500 | B80: ML | C80: 1.5 | D80: 75 | F80: =E80*D80*C80 -> 0
A81: RODAPÉ PRFV 1700 | B81: ML | C81: 1.7 | D81: 75 | F81: =E81*D81*C81 -> 0
A82: RODAPÉ PRFV 1800 | B82: ML | C82: 1.8 | D82: 75 | F82: =E82*D82*C82 -> 0
A83: RODAPÉ PRFV 2000 | B83: ML | C83: 2 | D83: 75 | F83: =E83*D83*C83 -> 0
A84: RODAPÉ PRFV 2200 | B84: ML | C84: 2.2 | D84: 75 | F84: =E84*D84*C84 -> 0
A85: RODAPÉ PRFV 2300 | B85: ML | C85: 2.3 | D85: 75 | F85: =E85*D85*C85 -> 0
A86: RODAPÉ PRFV 2400 | B86: ML | C86: 2.4 | D86: 75 | F86: =E86*D86*C86 -> 0
A87: RODAPÉ PRFV 2500 | B87: ML | C87: 2.5 | D87: 75 | F87: =E87*D87*C87 -> 0
A88: RODAPÉ PRFV 3000 | B88: ML | C88: 3 | D88: 75 | F88: =E88*D88*C88 -> 0
F89: =SUM(F26:F88) -> 0

Sheet Responsabilidades
B2: Item | C2: Descrição | D2: RESPONSABILIDADES
D3: CONTRATANTE | F3: CONTRATADA
B4: 1 | C4: Fornecer mão de obra devidamente qualificada, com todos os equipamentos necessários (EPI’s) à perfeita execução dos serviços objeto desta tomada de preços | F4: X
B5: 2 | C5: Apresentar certificados de qualificação dos profissionais | F5: X
B6: 3 | C6: Apresentar o certificado de treinamento (NR-35; NR-33; NR-18). | F6: X
B7: 4 | C7: Fornecimento de transporte externo | F7: X
B8: 5 | C8: Fornecimento de transporte interno | F8: X
B9: 6 | C9: Fornecimento de café da manhã/desjejum | F9: X
B10: 7 | C10: Fornecimento de almoço | F10: X
B11: 8 | C11: Fornecimento de janta | F11: X
B12: 9 | C12: Fornecimento de materiais de andaime para execução do serviço em bom estado de conservação e uso | F12: X
B13: 10 | C13: Fornecer aos seus funcionários integrantes desta contratação plano de saúde e/ou possuir contrato de atendimento com os Hospitais de referência da região | F13: X
B14: 11 | C14: Responsabilizar-se pelo transporte de ferramentas | F14: X
B15: 12 | C15: Responsabilizar-se pelo transporte de materiais | F15: X
B16: 13 | C16: Zelar e responsabilizar-se pelos materiais locados | D16: X
B17: 14 | C17: Arcar com despesas de indenização dos materiais locados | D17: X
B18: 15 | C18: Disponibilizar conferente para acompanhar carga e descarga dos materiais | D18: X
B19: 16 | C19: Agendar com o setor patrimonial e/ou de controle de acesso, a conferência dos materiais para a liberação dos mesmos, repassando as informações. | D19: X
B20: 17 | C20: Assinar diariamente o RDO | D20: X
B21: 18 | C21: Participar da avaliação de satisfação do cliente | D21: X
B22: 19 | C22: Assinar o atestado de capacidade técnica ao final da obra | D22: X
B23: 20 | C23: Fornecer profissional da área de segurança do trabalho para documentação, abertura de frente de trabalho, acompanhamento e aprovação dos serviços | D23: X
B24: 21 | C24: Liberar acesso de pessoal para execução dos serviços | D24: X
B25: 22 | C25: Providenciar todos os documentos necessários para a liberação dos materiais, nas portarias e demais pontos de controle passíveis de averiguação | D25: X
B26: 23 | C26: Disponibilizar banheiro sanitário | D26: X
B27: 24 | C27: Disponibilizar água potável | D27: X
... B32: 29 | C32: Disponibilizar estrutura para instalação de canteiro | D32: X
B33: 30

Sheet Planilha1
A1: Passo | B1: Descrição | C1: QTDE | D1: L | E1: C | F1: A | G1: m³ total | H1: m² Piso Total | I1: Montagem | J1: Desmontagem | K1: Locação
A2: 1 | B2: Torre Parte Inferior | C2: 4 | D2: 1.5 | E2: 1.5 | F2: 4 | G2: =C2*D2*E2*F2 -> 36 | H2: =D2*E2*C2 -> 9 | I2: 5520 | J2: 5520 | K2: =G2*0.77*30+H2*2*0.77*30 -> 1247.4
A3: 2 | B3: Torre Parte Superior | C3: 4 | D3: 1.5 | E3: 1.5 | F3: 4.7 | G3: =C3*D3*E3*F3 -> 42.3 | H3: =D3*E3*C3 -> 9 | I3: 5520 | J3: 5520 | K3: =G3*0.77*30+H3*2*0.77*30 -> 1392.93
A4: 3 | B4: Piso Interno | C4: 1 | H4: =PI()*6.5^2*C4 -> 132.73229
A5: 3 | B5: Torre Piso Interno
A6: 3 | B6: Torre Externa | C6: 1 | D6: 1.5 | E6: =2*PI()*(6.5/2) -> 20.420352 | F6: 4.7 | G6: =C6*D6*E6*F6 -> 143.96348 | H6: =D6*E6*C6 -> 30.630528 | I6: =G6*69 -> 9933.4804 | J6: =I6*2/3 -> 6622.3202 | K6: =G6*0.77*30+H6*2*0.77*30 -> 4740.6869
A7: 4 | B7: Torre Externa | C7: 2 | D7: 1.5 | E7: =2*PI()*(6.5/2) -> 20.420352 | F7: 6 | G7: =C7*D7*E7*F7 -> 367.56634 | H7: =D7*E7*C7 -> 61.261057 | I7: =G7*69 -> 25362.077 | J7: =I7*2/3 -> 16908.052 | K7: =G7*0.77*30+H7*2*0.77*30 -> 11321.043
A8: 6 | B8: Ajuste de piso do passo 4 | C8: 1
A9: 6 | B9: Torre externa (pintura) | C9: 2 | D9: 1.5 | E9: =2*PI()*(6.5/2) -> 20.420352 | F9: 6 | G9: =C9*D9*E9*F9 -> 367.56634 | H9: =D9*E9*C9 -> 61.261057 | I9: =G9*69 -> 25362.077 | J9: =I9*2/3 -> 16908.052 | K9: =G9*0.77*30+H9*2*0.77*30 -> 11321.043
